Workbook
Name _Hlk511664705: Evaluación!#REF!

Sheet Evaluación
A1: EVALUACION Y VERIFICACIÓN DE REQUISITOS HABILITANTES CM-01-2023 | G1: EVALUACION Y VERIFICACIÓN DE REQUISITOS HABILITANTES CM-01-2023 | M1: EVALUACION Y VERIFICACIÓN DE REQUISITOS HABILITANTES CM-01-2023 | S1: EVALUACION Y VERIFICACIÓN DE REQUISITOS HABILITANTES CM-01-2023 | Y1: EVALUACION Y VERIFICACIÓN DE REQUISITOS HABILITANTES CM-01-2023 | AE1: EVALUACION Y VERIFICACIÓN DE REQUISITOS HABILITANTES CM-01-2023 | AK1: EVALUACION Y VERIFICACIÓN DE REQUISITOS HABILITANTES CM-01-2023 | AQ1: EVALUACION Y VERIFICACIÓN DE REQUISITOS HABILITANTES CM-01-2023 | AW1: EVALUACION Y VERIFICACIÓN DE REQUISITOS HABILITANTES CM-01-2023 | BC1: EVALUACION Y VERIFICACIÓN DE REQUISITOS HABILITANTES CM-01-2023 | BI1: EVALUACION Y VERIFICACIÓN DE REQUISITOS HABILITANTES CM-01-2023 | BO1: EVALUACION Y VERIFICACIÓN DE REQUISITOS HABILITANTES CM-01-2023 | BU1: EVALUACION Y VERIFICACIÓN DE REQUISITOS HABILITANTES CM-01-2023
B2: VALOR DEL CONTRATO | C2: 109076179 | D2: =+C2/1160000 -> 94.031189 | E2: SMMLV | H2: VALOR DEL CONTRATO | I2: 109076179 | J2: =+I2/1160000 -> 94.031189 | K2: SMMLV | N2: VALOR DEL CONTRATO | O2: 109076179 | P2: =+O2/1160000 -> 94.031189 | Q2: SMMLV | T2: VALOR DEL CONTRATO | U2: 109076179 | V2: =+U2/1160000 -> 94.031189 | W2: SMMLV | Z2: VALOR DEL CONTRATO | AA2: 109076179 | AB2: =+AA2/1160000 -> 94.031189 | AC2: SMMLV | AF2: VALOR DEL CONTRATO | AG2: 109076179 | AH2: =+AG2/1160000 -> 94.031189 | AI2: SMMLV | AL2: VALOR DEL CONTRATO | AM2: 109076179 | AN2: =+AM2/1160000 -> 94.031189 | AO2: SMMLV | AR2: VALOR DEL CONTRATO | AS2: 109076179 | AT2: =+AS2/1160000 -> 94.031189 | AU2: SMMLV | AX2: VALOR DEL CONTRATO | AY2: 109076179 | AZ2: =+AY2/1160000 -> 94.031189 | BA2: SMMLV | BD2: VALOR DEL CONTRATO | BE2: 109076179 | BF2: =+BE2/1160000 -> 94.031189 | BG2: SMMLV | BJ2: VALOR DEL CONTRATO | BK2: 109076179 | BL2: =+BK2/1160000 -> 94.031189 | BM2: SMMLV | BP2: VALOR DEL CONTRATO | BQ2: 109076179 | BR2: =+BQ2/1160000 -> 94.031189 | BS2: SMMLV | BV2: VALOR DEL CONTRATO | BW2: 109076179 | BX2: =+BW2/1160000 -> 94.031189 | BY2: SMMLV
A3: NUMERO DE PROPONENTE: | B3: NUMERO DE PROPONENTE | C3: 1 | G3: NUMERO DE PROPONENTE: | H3: NUMERO DE PROPONENTE | I3: 2 | M3: NUMERO DE PROPONENTE: | N3: NUMERO DE PROPONENTE | O3: 3 | S3: NUMERO DE PROPONENTE: | T3: NUMERO DE PROPONENTE | U3: 4 | Y3: NUMERO DE PROPONENTE: | Z3: NUMERO DE PROPONENTE | AA3: 5 | AE3: NUMERO DE PROPONENTE: | AF3: NUMERO DE PROPONENTE | AG3: 6 | AK3: NUMERO DE PROPONENTE: | AL3: NUMERO DE PROPONENTE | AM3: 7 | AQ3: NUMERO DE PROPONENTE: | AR3: NUMERO DE PROPONENTE | AS3: 8 | AW3: NUMERO DE PROPONENTE: | AX3: NUMERO DE PROPONENTE | AY3: 9 | BC3: NUMERO DE PROPONENTE: | BD3: NUMERO DE PROPONENTE | BE3: 10 | BI3: NUMERO DE PROPONENTE: | BJ3: NUMERO DE PROPONENTE | BK3: 11 | BO3: NUMERO DE PROPONENTE: | BP3: NUMERO DE PROPONENTE | BQ3: 12 | BU3: NUMERO DE PROPONENTE: | BV3: NUMERO DE PROPONENTE | BW3: 13
A4: PROPONENTE: | C4: CONSULTORES INGENIEROS Y PROFESIONALES ASOCIADOS SAS | G4: PROPONENTE: | I4: PENDULO INGENIRIA SAS | M4: PROPONENTE: | O4: SOLUCIONES INTEGRALES DE INGENEIRIA - SODINSA S.A | S4: PROPONENTE: | U4: INGESTRUCTURAS INGENIEROS SAS | Y4: PROPONENTE: | AA4: CONSORCIO INTER EDUCATIVO CBN | AE4: PROPONENTE: | AG4: CUBIKO OBRAS Y CONSULTORIAS SAS | AK4: PROPONENTE: | AM4: 2L PROYECTOS SAS | AQ4: PROPONENTE: | AS4: SOCIEDAD TECNICA SOTA LTDA | AW4: PROPONENTE: | AY4: MARIO DE JESUS GIL CARDONA | BC4: PROPONENTE: | BE4: INGENIOS, CONSULTORES Y CONSTRUCTORES SAS | BI4: PROPONENTE: | BK4: LOS CASTORESCONSTRUCTORES SAS | BO4: PROPONENTE: | BQ4: SCS INGENIERIA SAS | BU4: PROPONENTE: | BW4: CONSORCIO IEC
A5: PROPONENTE SINGULAR: | C5: X | D5: INTEGRANTES: | G5: PROPONENTE SINGULAR: | I5: X | J5: INTEGRANTES: | M5: PROPONENTE SINGULAR: | O5: X | P5: INTEGRANTES: | S5: PROPONENTE SINGULAR: | U5: X | V5: INTEGRANTES: | Y5: PROPONENTE SINGULAR: | AB5: INTEGRANTES: | AC5: AREN PROYECTOS & CONSULTORIAS SAS | AE5: PROPONENTE SINGULAR: | AG5: X | AH5: INTEGRANTES: | AK5: PROPONENTE SINGULAR: | AM5: X | AN5: INTEGRANTES: | AQ5: PROPONENTE SINGULAR: | AS5: X | AT5: INTEGRANTES: | AW5: PROPONENTE SINGULAR: | AY5: X | AZ5: INTEGRANTES: | BC5: PROPONENTE SINGULAR: | BE5: X | BF5: INTEGRANTES: | BI5: PROPONENTE SINGULAR: | BK5: X | BL5: INTEGRANTES: | BO5: PROPONENTE SINGULAR: | BQ5: X | BR5: INTEGRANTES: | BU5: PROPONENTE SINGULAR: | BX5: INTEGRANTES: | BY5: PING INGENIERIA SAS
A6: PROPONENTE PLURAL: | G6: PROPONENTE PLURAL: | M6: PROPONENTE PLURAL: | S6: PROPONENTE PLURAL: | Y6: PROPONENTE PLURAL: | AA6: X | AC6: COMPAÑÍA DE INTERVENTORIAS Y CONSULTORIAS DE LA COSTA SAS | AE6: PROPONENTE PLURAL: | AK6: PROPONENTE PLURAL: | AQ6: PROPONENTE PLURAL: | AW6: PROPONENTE PLURAL: | BC6: PROPONENTE PLURAL: | BI6: PROPONENTE PLURAL: | BO6: PROPONENTE PLURAL: | BU6: PROPONENTE PLURAL: | BW6: X | BY6: BMP CONSULTORES SAS
C7: CUMPLE | D7: NO CUMPLE | E7: OBSERVACIONES | I7: CUMPLE | J7: NO CUMPLE | K7: OBSERVACIONES | O7: CUMPLE | P7: NO CUMPLE | Q7: OBSERVACIONES | U7: CUMPLE | V7: NO CUMPLE | W7: OBSERVACIONES | AA7: CUMPLE | AB7: NO CUMPLE | AC7: OBSERVACIONES | AG7: CUMPLE | AH7: NO CUMPLE | AI7: OBSERVACIONES | AM7: CUMPLE | AN7: NO CUMPLE | AO7: OBSERVACIONES | AS7: CUMPLE | AT7: NO CUMPLE | AU7: OBSERVACIONES | AY7: CUMPLE | AZ7: NO CUMPLE | BA7: OBSERVACIONES | BE7: CUMPLE | BF7: NO CUMPLE | BG7: OBSERVACIONES | BK7: CUMPLE | BL7: NO CUMPLE | BM7: OBSERVACIONES | BQ7: CUMPLE | BR7: NO CUMPLE | BS7: OBSERVACIONES | BW7: CUMPLE | BX7: NO CUMPLE | BY7: OBSERVACIONES
A8: REQUISITOS HABILITANTES Y SU VERIFICACION | G8: REQUISITOS HABILITANTES Y SU VERIFICACION | M8: REQUISITOS HABILITANTES Y SU VERIFICACION | S8: REQUISITOS HABILITANTES Y SU VERIFICACION | Y8: REQUISITOS HABILITANTES Y SU VERIFICACION | AE8: REQUISITOS HABILITANTES Y SU VERIFICACION | AK8: REQUISITOS HABILITANTES Y SU VERIFICACION | AQ8: REQUISITOS HABILITANTES Y SU VERIFICACION | AW8: REQUISITOS HABILITANTES Y SU VERIFICACION | BC8: REQUISITOS HABILITANTES Y SU VERIFICACION | BI8: REQUISITOS HABILITANTES Y SU VERIFICACION | BO8: REQUISITOS HABILITANTES Y SU VERIFICACION | BU8: REQUISITOS HABILITANTES Y SU VERIFICACION
A9: 2.1 | B9: PRESENTACION DE LA OFERTA | G9: 2.1 | H9: PRESENTACION DE LA OFERTA | M9: 2.1 | N9: PRESENTACION DE LA OFERTA | S9: 2.1 | T9: PRESENTACION DE LA OFERTA | Y9: 2.1 | Z9: PRESENTACION DE LA OFERTA | AE9: 2.1 | AF9: PRESENTACION DE LA OFERTA | AK9: 2.1 | AL9: PRESENTACION DE LA OFERTA | AQ9: 2.1 | AR9: PRESENTACION DE LA OFERTA | AW9: 2.1 | AX9: PRESENTACION DE LA OFERTA | BC9: 2.1 | BD9: PRESENTACION DE LA OFERTA | BI9: 2.1 | BJ9: PRESENTACION DE LA OFERTA | BO9: 2.1 | BP9: PRESENTACION DE LA OFERTA | BU9: 2.1 | BV9: PRESENTACION DE LA OFERTA
A10: A | B10: Formato 1 - Carta de presentación de la oferta. | C10: X | G10: A | H10: Formato 1 - Carta de presentación de la oferta. | I10: X | M10: A | N10: Formato 1 - Carta de presentación de la oferta. | O10: X | S10: A | T10: Formato 1 - Carta de presentación de la oferta. | U10: X | Y10: A | Z10: Formato 1 - Carta de presentación de la oferta. | AA10: X | AE10: A | AF10: Formato 1 - Carta de presentación de la oferta. | AG10: X | AK10: A | AL10: Formato 1 - Carta de presentación de la oferta. | AM10: X | AQ10: A | AR10: Formato 1 - Carta de presentación de la oferta. | AS10: X | AW10: A | AX10: Formato 1 - Carta de presentación de la oferta. | AY10: X | BC10: A | BD10: Formato 1 - Carta de presentación de la oferta. | BE10: X | BI10: A | BJ10: Formato 1 - Carta de presentación de la oferta. | BK10: X | BO10: A | BP10: Formato 1 - Carta de presentación de la oferta. | BQ10: X | BU10: A | BV10: Formato 1 - Carta de presentación de la oferta. | BW10: X
A11: B | B11: Aval de la propuesta por profesional en el área de la ingeniería. | C11: X | G11: B | H11: Aval de la propuesta por profesional en el área de la ingeniería. | I11: X | M11: B | N11: Aval de la propuesta por profesional en el área de la ingeniería. | O11: X | S11: B | T11: Aval de la propuesta por profesional en el área de la ingeniería. | U11: X | Y11: B | Z11: Aval de la propuesta por profesional en el área de la ingeniería. | AA11: X | AE11: B | AF11: Aval de la propuesta por profesional en el área de la ingeniería. | AG11: X | AK11: B | AL11: Aval de la propuesta por profesional en el área de la ingeniería. | AM11: X | AQ11: B | AR11: Aval de la propuesta por profesional en el área de la ingeniería. | AS11: X | AW11: B | AX11: Aval de la propuesta por profesional en el área de la ingeniería. | AY11: X | BC11: B | BD11: Aval de la propuesta por profesional en el área de la ingeniería. | BF11: X | BG11: No aporta certificado Copnia. Subsanar | BI11: B | BJ11: Aval de la propuesta por profesional en el área de la ingeniería. | BK11: X | BO11: B | BP11: Aval de la propuesta por profesional en el área de la ingeniería. | BQ11: X | BU11: B | BV11: Aval de la propuesta por profesional en el área de la ingeniería. | BW11: X
A12: C | B12: Registro Único Tributario (RUT) del proponente singular. | C12: X | E12: Subsana documento dentro del plazo establecido | G12: C | H12: Registro Único Tributario (RUT) del proponente singular. | I12: X | M12: C | N12: Registro Único Tributario (RUT) del proponente singular. | P12: X | Q12: subsanar RUT | S12: C | T12: Registro Único Tributario (RUT) del proponente singular. | U12: X | Y12: C | Z12: Registro Único Tributario (RUT) del proponente singular. | AA12: N.A | AE12: C | AF12: Registro Único Tributario (RUT) del proponente singular. | AG12: X | AK12: C | AL12: Registro Único Tributario (RUT) del proponente singular. | AM12: X | AO12: Subsana Documento dentro del plazo establecido | AQ12: C | AR12: Registro Único Tributario (RUT) del proponente singular. | AS12: X | AW12: C | AX12: Registro Único Tributario (RUT) del proponente singular. | AY12: X | BC12: C | BD12: Registro Único Tributario (RUT) del proponente singular. | BF12: X | BG12: No aporta Documento. Subsanar | BI12: C | BJ12: Registro Único Tributario (RUT) del proponente singular. | BK12: X | BO12: C | BP12: Registro Único Tributario (RUT) del proponente singular. | BQ12: X | BU12: C | BV12: Registro Único Tributario (RUT) del proponente singular. | BW12: N.A
A13: D | B13: Registro Único Tributario (RUT) de los miembros del proponente plural. | C13: N.A | G13: D | H13: Registro Único Tributario (RUT) de los miembros del proponente plural. | I13: N.A | M13: D | N13: Registro Único Tributario (RUT) de los miembros del proponente plural. | O13: N.A | S13: D | T13: Registro Único Tributario (RUT) de los miembros del proponente plural. | U13: N.A | Y13: D | Z13: Registro Único Tributario (RUT) de los miembros del proponente plural. | AA13: X | AE13: D | AF13: Registro Único Tributario (RUT) de los miembros del proponente plural. | AG13: N.A | AK13: D | AL13: Registro Único Tributario (RUT) de los miembros del proponente plural. | AM13: N.A | AQ13: D | AR13: Registro Único Tributario (RUT) de los miembros del proponente plural. | AS13: N.A | AW13: D | AX13: Registro Único Tributario (RUT) de los miembros del proponente plural. | AY13: N.A | BC13: D | BD13: Registro Único Tributario (RUT) de los miembros del proponente plural. | BE13: N.A | BI13: D | BJ13: Registro Único Tributario (RUT) de los miembros del proponente plural. | BK13: N.A | BO13: D | BP13: Registro Único Tributario (RUT) de los miembros del proponente plural. | BQ13: N.A | BU13: D | BV13: Registro Único Tributario (RUT) de los miembros del proponente plural. | BW13: X
A14: 3.2 | B14: CAPACIDAD JURIDICA | G14: 3.2 | H14: CAPACIDAD JURIDICA | M14: 3.2 | N14: CAPACIDAD JURIDICA | S14: 3.2 | T14: CAPACIDAD JURIDICA | Y14: 3.2 | Z14: CAPACIDAD JURIDICA | AE14: 3.2 | AF14: CAPACIDAD JURIDICA | AK14: 3.2 | AL14: CAPACIDAD JURIDICA | AQ14: 3.2 | AR14: CAPACIDAD JURIDICA | AW14: 3.2 | AX14: CAPACIDAD JURIDICA | BC14: 3.2 | BD14: CAPACIDAD JURIDICA | BI14: 3.2 | BJ14: CAPACIDAD JURIDICA | BO14: 3.2 | BP14: CAPACIDAD JURIDICA | BU14: 3.2 | BV14: CAPACIDAD JURIDICA
A15: A. | B15: Capacidad juridica para la presentacion de la oferta | C15: X | E15: Subsana documento dentro del plazo establecido | G15: A. | H15: Capacidad juridica para la presentacion de la oferta | I15: X | M15: A. | N15: Capacidad juridica para la presentacion de la oferta | O15: X | S15: A. | T15: Capacidad juridica para la presentacion de la oferta | U15: X | Y15: A. | Z15: Capacidad juridica para la presentacion de la oferta | AB15: X | AC15: No aportan Certificados de Camara de Comercio. Subsanar | AE15: A. | AF15: Capacidad juridica para la presentacion de la oferta | AG15: X | AK15: A. | AL15: Capacidad juridica para la presentacion de la oferta | AM15: X | AQ15: A. | AR15: Capacidad juridica para la presentacion de la oferta | AS15: X | AW15: A. | AX15: Capacidad juridica para la presentacion de la oferta | AY15: X | BC15: A. | BD15: Capacidad juridica para la presentacion de la oferta | BF15: X | BG15: No aporta Certificado de Existencia y Rep Legal. Subsanar | BI15: A. | BJ15: Capacidad juridica para la presentacion de la oferta | BK15: X | BO15: A. | BP15: Capacidad juridica para la presentacion de la oferta | BQ15: X | BU15: A. | BV15: Capacidad juridica para la presentacion de la oferta | BW15: X
A16: B. | B16: Capacidad jurídica para la celebracion y ejecucion del contrato. | C16: X | E16: Subsana documento dentro del plazo establecido | G16: B. | H16: Capacidad jurídica para la celebracion y ejecucion del contrato. | I16: X | M16: B. | N16: Capacidad jurídica para la celebracion y ejecucion del contrato. | O16: X | S16: B. | T16: Capacidad jurídica para la celebracion y ejecucion del contrato. | U16: X | Y16: B. | Z16: Capacidad jurídica para la celebracion y ejecucion del contrato. | AB16: X | AC16: No aportan Certificados de Camara de Comercio. Subsanar | AE16: B. | AF16: Capacidad jurídica para la celebracion y ejecucion del contrato. | AG16: X | AK16: B. | AL16: Capacidad jurídica para la celebracion y ejecucion del contrato. | AM16: X | AQ16: B. | AR16: Capacidad jurídica para la celebracion y ejecucion del contrato. | AS16: X | AW16: B. | AX16: Capacidad jurídica para la celebracion y ejecucion del contrato. | AY16: X | BC16: B. | BD16: Capacidad jurídica para la celebracion y ejecucion del contrato. | BF16: X | BG16: No aporta Certificado de Existencia y Rep Legal. Subsanar | BI16: B. | BJ16: Capacidad jurídica para la celebracion y ejecucion del contrato. | BK16: X | BO16: B. | BP16: Capacidad jurídica para la celebracion y ejecucion del contrato. | BQ16: X | BU16: B. | BV16: Capacidad jurídica para la celebracion y ejecucion del contrato. | BW16: X
A17: D1. | B17: No reporte boletín de responsables fiscales. | C17: X | E17: Verificado por la entidad | G17: D1. | H17: No reporte boletín de responsables fiscales. | I17: X | K17: Verificado por la entidad | M17: D1. | N17: No reporte boletín de responsables fiscales. | O17: X | Q17: Verificado por la entidad | S17: D1. | T17: No reporte boletín de responsables fiscales. | U17: X | W17: Verificado por la entidad | Y17: D1. | Z17: No reporte boletín de responsables fiscales. | AA17: X | AC17: Verificado por la entidad | AE17: D1. | AF17: No reporte boletín de responsables fiscales. | AG17: X | AI17: Verificado por la entidad | AK17: D1. | AL17: No reporte boletín de responsables fiscales. | AM17: X | AO17: Verificado por la entidad | AQ17: D1. | AR17: No reporte boletín de responsables fiscales. | AS17: X | AU17: Verificado por la entidad | AW17: D1. | AX17: No reporte boletín de responsables fiscales. | AY17: X | BA17: Verificado por la entidad | BC17: D1. | BD17: No reporte boletín de responsables fiscales. | BG17: Verificado por la entidad | BI17: D1. | BJ17: No reporte boletín de responsables fiscales. | BM17: Verificado por la entidad | BO17: D1. | BP17: No reporte boletín de responsables fiscales. | BS17: Verificado por la entidad | BU17: D1. | BV17: No reporte boletín de responsables fiscales. | BW17: X | BY17: Verificado por la entidad
A18: D2. | B18: Antecendentes disciplinarios. | C18: X | E18: Verificado por la entidad | G18: D2. | H18: Antecendentes disciplinarios. | I18: X | K18: Verificado por la entidad | M18: D2. | N18: Antecendentes disciplinarios. | O18: X | Q18: Verificado por la entidad | S18: D2. | T18: Antecendentes disciplinarios. | U18: X | W18: Verificado por la entidad | Y18: D2. | Z18: Antecendentes disciplinarios. | AA18: X | AC18: Verificado por la entidad | AE18: D2. | AF18: Antecendentes disciplinarios. | AG18: X | AI18: Verificado por la entidad | AK18: D2. | AL18: Antecendentes disciplinarios. | AM18: X | AO18: Verificado por la entidad | AQ18: D2. | AR18: Antecendentes disciplinarios. | AS18: X | AU18: Verificado por la entidad | AW18: D2. | AX18: Antecendentes disciplinarios. | AY18: X | BA18: Verificado por la entidad | BC18: D2. | BD18: Antecendentes disciplinarios. | BE18: X | BG18: Verificado por la entidad | BI18: D2. | BJ18: Antecendentes disciplinarios. | BK18: X | BM18: Verificado por la entidad | BO18: D2. | BP18: Antecendentes disciplinarios. | BQ18: X | BS18: Verificado por la entidad | BU18: D2. | BV18: Antecendentes disciplinarios. | BW18: X | BY18: Verificado por la entidad
A19: D3. | B19: Antecedentes judiciales. | C19: X | E19: Verificado por la entidad | G19: D3. | H19: Antecedentes judiciales. | I19: X | K19: Verificado por la entidad | M19: D3. | N19: Antecedentes judiciales. | O19: X | Q19: Verificado por la entidad | S19: D3. | T19: Antecedentes judiciales. | U19: X | W19: Verificado por la entidad | Y19: D3. | Z19: Antecedentes judiciales. | AA19: X | AC19: Verificado por la entidad | AE19: D3. | AF19: Antecedentes judiciales. | AG19: X | AI19: Verificado por la entidad | AK19: D3. | AL19: Antecedentes judiciales. | AM19: X | AO19: Verificado por la entidad | AQ19: D3. | AR19: Antecedentes judiciales. | AS19: X | AU19: Verificado por la entidad | AW19: D3. | AX19: Antecedentes judiciales. | AY19: X | BA19: Verificado por la entidad | BC19: D3. | BD19: Antecedentes judiciales. | BE19: X | BG19: Verificado por la entidad | BI19: D3. | BJ19: Antecedentes judiciales. | BK19: X | BM19: Verificado por la entidad | BO19: D3. | BP19: Antecedentes judiciales. | BQ19: X | BS19: Verificado por la entidad | BU19: D3. | BV19: Antecedentes judiciales. | BW19: X | BY19: Verificado por la entidad
A20: D4. | B20: Registro nacional de medidas correctivas. | C20: X | E20: Verificado por la entidad | G20: D4. | H20: Registro nacional de medidas correctivas. | I20: X | K20: Verificado por la entidad | M20: D4. | N20: Registro nacional de medidas correctivas. | O20: X | Q20: Verificado por la entidad | S20: D4. | T20: Registro nacional de medidas correctivas. | U20: X | W20: Verificado por la entidad | Y20: D4. | Z20: Registro nacional de medidas correctivas. | AA20: X | AC20: Verificado por la entidad | AE20: D4. | AF20: Registro nacional de medidas correctivas. | AG20: X | AI20: Verificado por la entidad | AK20: D4. | AL20: Registro nacional de medidas correctivas. | AM20: X | AO20: Verificado por la entidad | AQ20: D4. | AR20: Registro nacional de medidas correctivas. | AS20: X | AU20: Verificado por la entidad | AW20: D4. | AX20: Registro nacional de medidas correctivas. | AY20: X | BA20: Verificado por la entidad | BC20: D4. | BD20: Registro nacional de medidas correctivas. | BE20: X | BG20: Verificado por la entidad | BI20: D4. | BJ20: Registro nacional de medidas correctivas. | BK20: X | BM20: Verificado por la entidad | BO20: D4. | BP20: Registro nacional de medidas correctivas. | BQ20: X | BS20: Verificado por la entidad | BU20: D4. | BV20: Registro nacional de medidas correctivas. | BW20: X | BY20: Verificado por la entidad
A21: 3.3 | B21: EXISTENCIA Y REPRESENTACION LEGAL | G21: 3.3 | H21: EXISTENCIA Y REPRESENTACION LEGAL | M21: 3.3 | N21: EXISTENCIA Y REPRESENTACION LEGAL | S21: 3.3 | T21: EXISTENCIA Y REPRESENTACION LEGAL | Y21: 3.3 | Z21: EXISTENCIA Y REPRESENTACION LEGAL | AE21: 3.3 | AF21: EXISTENCIA Y REPRESENTACION LEGAL | AK21: 3.3 | AL21: EXISTENCIA Y REPRESENTACION LEGAL | AQ21: 3.3 | AR21: EXISTENCIA Y REPRESENTACION LEGAL | AW21: 3.3 | AX21: EXISTENCIA Y REPRESENTACION LEGAL | BC21: 3.3 | BD21: EXISTENCIA Y REPRESENTACION LEGAL | BI21: 3.3 | BJ21: EXISTENCIA Y REPRESENTACION LEGAL | BO21: 3.3 | BP21: EXISTENCIA Y REPRESENTACION LEGAL | BU21: 3.3 | BV21: EXISTENCIA Y REPRESENTACION LEGAL
A22: 3.3.1 | B22: PERSONAS NATURALES | G22: 3.3.1 | H22: PERSONAS NATURALES | M22: 3.3.1 | N22: PERSONAS NATURALES | S22: 3.3.1 | T22: PERSONAS NATURALES | Y22: 3.3.1 | Z22: PERSONAS NATURALES | AE22: 3.3.1 | AF22: PERSONAS NATURALES | AK22: 3.3.1 | AL22: PERSONAS NATURALES | AQ22: 3.3.1 | AR22: PERSONAS NATURALES | AW22: 3.3.1 | AX22: PERSONAS NATURALES | BC22: 3.3.1 | BD22: PERSONAS NATURALES | BI22: 3.3.1 | BJ22: PERSONAS NATURALES | BO22: 3.3.1 | BP22: PERSONAS NATURALES | BU22: 3.3.1 | BV22: PERSONAS NATURALES
A23: A | B23: Existencia y representación legal persona natural. Cedula | C23: N.A | G23: A | H23: Existencia y representación legal persona natural. Cedula | I23: N.A | M23: A | N23: Existencia y representación legal persona natural. Cedula | O23: N.A | S23: A | T23: Existencia y representación legal persona natural. Cedula | U23: N.A | Y23: A | Z23: Existencia y representación legal persona natural. Cedula | AA23: N.A | AE23: A | AF23: Existencia y representación legal persona natural. Cedula | AG23: N.A | AK23: A | AL23: Existencia y representación legal persona natural. Cedula | AM23: N.A | AQ23: A | AR23: Existencia y representación legal persona natural. Cedula | AS23: N.A | AW23: A | AX23: Existencia y representación legal persona natural. Cedula | AY23: X | BC23: A | BD23: Existencia y representación legal persona natural. Cedula | BE23: N.A | BI23: A | BJ23: Existencia y representación legal persona natural. Cedula | BK23: N.A | BO23: A | BP23: Existencia y representación legal persona natural. Cedula | BQ23: N.A | BU23: A | BV23: Existencia y representación legal persona natural. Cedula | BW23: N.A
A24: B | B24: Persona natural extranjera residente en Colombia. | C24: N.A | G24: B | H24: Persona natural extranjera residente en Colombia. | I24: N.A | M24: B | N24: Persona natural extranjera residente en Colombia. | O24: N.A | S24: B | T24: Persona natural extranjera residente en Colombia. | U24: N.A | Y24: B | Z24: Persona natural extranjera residente en Colombia. | AA24: N.A | AE24: B | AF24: Persona natural extranjera residente en Colombia. | AG24: N.A | AK24: B | AL24: Persona natural extranjera residente en Colombia. | AM24: N.A | AQ24: B | AR24: Persona natural extranjera residente en Colombia. | AS24: N.A | AW24: B | AX24: Persona natural extranjera residente en Colombia. | AY24: N.A | BC24: B | BD24: Persona natural extranjera residente en Colombia. | BE24: N.A | BI24: B | BJ24: Persona natural extranjera residente en Colombia. | BK24: N.A | BO24: B | BP24: Persona natural extranjera residente en Colombia. | BQ24: N.A | BU24: B | BV24: Persona natural extranjera residente en Colombia. | BW24: N.A
A25: C | B25: Persona natural extranjera si domicilio en Colombia. | C25: N.A | G25: C | H25: Persona natural extranjera si domicilio en Colombia. | I25: N.A | M25: C | N25: Persona natural extranjera si domicilio en Colombia. | O25: N.A | S25: C | T25: Persona natural extranjera si domicilio en Colombia. | U25: N.A | Y25: C | Z25: Persona natural extranjera si domicilio en Colombia. | AA25: N.A | AE25: C | AF25: Persona natural extranjera si domicilio en Colombia. | AG25: N.A | AK25: C | AL25: Persona natural extranjera si domicilio en Colombia. | AM25: N.A | AQ25: C | AR25: Persona natural extranjera si domicilio en Colombia. | AS25: N.A | AW25: C | AX25: Persona natural extranjera si domicilio en Colombia. | AY25: N.A | BC25: C | BD25: Persona natural extranjera si domicilio en Colombia. | BE25: N.A | BI25: C | BJ25: Persona natural extranjera si domicilio en Colombia. | BK25: N.A | BO25: C | BP25: Persona natural extranjera si domicilio en Colombia. | BQ25: N.A | BU25: C | BV25: Persona natural extranjera si domicilio en Colombia. | BW25: N.A
A26: 3.3.2 | B26: PERSONAS JURIDICAS | G26: 3.3.2 | H26: PERSONAS JURIDICAS | M26: 3.3.2 | N26: PERSONAS JURIDICAS | S26: 3.3.2 | T26: PERSONAS JURIDICAS | Y26: 3.3.2 | Z26: PERSONAS JURIDICAS | AE26: 3.3.2 | AF26: PERSONAS JURIDICAS | AK26: 3.3.2 | AL26: PERSONAS JURIDICAS | AQ26: 3.3.2 | AR26: PERSONAS JURIDICAS | AW26: 3.3.2 | AX26: PERSONAS JURIDICAS | BC26: 3.3.2 | BD26: PERSONAS JURIDICAS | BI26: 3.3.2 | BJ26: PERSONAS JURIDICAS | BO26: 3.3.2 | BP26: PERSONAS JURIDICAS | BU26: 3.3.2 | BV26: PERSONAS JURIDICAS
A27: A. | B27: Persona jurídica nacional o extranjera con sucursal en Colombia | G27: A. | H27: Persona jurídica nacional o extranjera con sucursal en Colombia | M27: A. | N27: Persona jurídica nacional o extranjera con sucursal en Colombia | S27: A. | T27: Persona jurídica nacional o extranjera con sucursal en Colombia | Y27: A. | Z27: Persona jurídica nacional o extranjera con sucursal en Colombia | AE27: A. | AF27: Persona jurídica nacional o extranjera con sucursal en Colombia | AK27: A. | AL27: Persona jurídica nacional o extranjera con sucursal en Colombia | AQ27: A. | AR27: Persona jurídica nacional o extranjera con sucursal en Colombia | AW27: A. | AX27: Persona jurídica nacional o extranjera con sucursal en Colombia | BC27: A. | BD27: Persona jurídica nacional o extranjera con sucursal en Colombia | BI27: A. | BJ27: Persona jurídica nacional o extranjera con sucursal en Colombia | BO27: A. | BP27: Persona jurídica nacional o extranjera con sucursal en Colombia | BU27: A. | BV27: Persona jurídica nacional o extranjera con sucursal en Colombia
A28: A1. | B28: Certificado de existencia y representacion legal persona jurídica | G28: A1. | H28: Certificado de existencia y representacion legal persona jurídica | M28: A1. | N28: Certificado de existencia y representacion legal persona jurídica | S28: A1. | T28: Certificado de existencia y representacion legal persona jurídica | Y28: A1. | Z28: Certificado de existencia y representacion legal persona jurídica | AE28: A1. | AF28: Certificado de existencia y representacion legal persona jurídica | AK28: A1. | AL28: Certificado de existencia y representacion legal persona jurídica | AQ28: A1. | AR28: Certificado de existencia y representacion legal persona jurídica | AW28: A1. | AX28: Certificado de existencia y representacion legal persona jurídica | BC28: A1. | BD28: Certificado de existencia y representacion legal persona jurídica | BI28: A1. | BJ28: Certificado de existencia y representacion legal persona jurídica | BO28: A1. | BP28: Certificado de existencia y representacion legal persona jurídica | BU28: A1. | BV28: Certificado de existencia y representacion legal persona jurídica
B29: Fecha de expedición del certificado. | C29: X | E29: Subsana documento dentro del plazo establecido | H29: Fecha de expedición del certificado. | I29: X | N29: Fecha de expedición del certificado. | O29: X | Q29: Subsana documento dentro del plazo establecido | T29: Fecha de expedición del certificado. | U29: X | Z29: Fecha de expedición del certificado. | AB29: X | AC29: No aportan Certificados de Camara de Comercio. Subsanar | AF29: Fecha de expedición del certificado. | AG29: X | AL29: Fecha de expedición del certificado. | AM29: X | AR29: Fecha de expedición del certificado. | AS29: X | AX29: Fecha de expedición del certificado. | AY29: N.A | BD29: Fecha de expedición del certificado. | BF29: X | BG29: No aporta Certificado de Existencia y Rep Legal. Subsanar | BJ29: Fecha de expedición del certificado. | BK29: X | BP29: Fecha de expedición del certificado. | BQ29: X | BV29: Fecha de expedición del certificado. | BW29: X
B30: Objeto de la sociedad. | C30: X | E30: Subsana documento dentro del plazo establecido | H30: Objeto de la sociedad. | I30: X | N30: Objeto de la sociedad. | O30: X | T30: Objeto de la sociedad. | U30: X | Z30: Objeto de la sociedad. | AB30: X | AC30: No aportan Certificados de Camara de Comercio. Subsanar | AF30: Objeto de la sociedad. | AG30: X | AL30: Objeto de la sociedad. | AM30: X | AR30: Objeto de la sociedad. | AS30: X | AX30: Objeto de la sociedad. | AY30: N.A | BD30: Objeto de la sociedad. | BF30: X | BG30: No aporta Certificado de Existencia y Rep Legal. Subsanar | BJ30: Objeto de la sociedad. | BK30: X | BP30: Objeto de la sociedad. | BQ30: X | BV30: Objeto de la sociedad. | BW30: X
B31: Vigencia de la persona jurídica. | C31: X | E31: Subsana documento dentro del plazo establecido | H31: Vigencia de la persona jurídica. | I31: X | N31: Vigencia de la persona jurídica. | O31: X | T31: Vigencia de la persona jurídica. | U31: X | Z31: Vigencia de la persona jurídica. | AB31: X | AC31: No aportan Certificados de Camara de Comercio. Subsanar | AF31: Vigencia de la persona jurídica. | AG31: X | AL31: Vigencia de la persona jurídica. | AM31: X | AR31: Vigencia de la persona jurídica. | AS31: X | AX31: Vigencia de la persona jurídica. | AY31: N.A | BD31: Vigencia de la persona jurídica. | BF31: X | BG31: No aporta Certificado de Existencia y Rep Legal. Subsanar | BJ31: Vigencia de la persona jurídica. | BK31: X | BP31: Vigencia de la persona jurídica. | BQ31: X | BV31: Vigencia de la persona jurídica. | BW31: X
B32: Capacidad del reprentante legal. | C32: X | E32: Subsana documento dentro del plazo establecido | H32: Capacidad del reprentante legal. | I32: X | N32: Capacidad del reprentante legal. | O32: X | T32: Capacidad del reprentante legal. | U32: X | Z32: Capacidad del reprentante legal. | AB32: X | AC32: No aportan Certificados de Camara de Comercio. Subsanar | AF32: Capacidad del reprentante legal. | AG32: X | AL32: Capacidad del reprentante legal. | AM32: X | AR32: Capacidad del reprentante legal. | AS32: X | AX32: Capacidad del reprentante legal. | AY32: N.A | BD32: Capacidad del reprentante legal. | BF32: X | BG32: No aporta Certificado de Existencia y Rep Legal. Subsanar | BJ32: Capacidad del reprentante legal. | BK32: X | BP32: Capacidad del reprentante legal. | BQ32: X | BV32: Capacidad del reprentante legal. | BW32: X
B33: Nombramiento del revisor fiscal en caso de que exista. | C33: X | E33: Subsana documento dentro del plazo establecido | H33: Nombramiento del revisor fiscal en caso de que exista. | I33: X | N33: Nombramiento del revisor fiscal en caso de que exista. | O33: X | T33: Nombramiento del revisor fiscal en caso de que exista. | U33: X | Z33: Nombramiento del revisor fiscal en caso de que exista. | AB33: X | AC33: No aportan Certificados de Camara de Comercio. Subsanar | AF33: Nombramiento del revisor fiscal en caso de que exista. | AG33: X | AL33: Nombramiento del revisor fiscal en caso de que exista. | AM33: X | AR33: Nombramiento del revisor fiscal en caso de que exista. | AS33: X | AX33: Nombramiento del revisor fiscal en caso de que exista. | AY33: N.A | BD33: Nombramiento del revisor fiscal en caso de que exista. | BF33: X | BG33: No aporta Certificado de Existencia y Rep Legal. Subsanar | BJ33: Nombramiento del revisor fiscal en caso de que exista. | BK33: X | BP33: Nombramiento del revisor fiscal en caso de que exista. | BQ33: X | BV33: Nombramiento del revisor fiscal en caso de que exista. | BW33: X
B34: Persona jurídica extranjera legalmente establecidad. | C34: X | E34: Subsana documento dentro del plazo establecido | H34: Persona jurídica extranjera legalmente establecidad. | I34: X | N34: Persona jurídica extranjera legalmente establecidad. | O34: X | T34: Persona jurídica extranjera legalmente establecidad. | U34: X | Z34: Persona jurídica extranjera legalmente establecidad. | AB34: X | AC34: No aportan Certificados de Camara de Comercio. Subsanar | AF34: Persona jurídica extranjera legalmente establecidad. | AG34: X | AL34: Persona jurídica extranjera legalmente establecidad. | AM34: X | AR34: Persona jurídica extranjera legalmente establecidad. | AS34: X | AX34: Persona jurídica extranjera legalmente establecidad. | AY34: N.A | BD34: Persona jurídica extranjera legalmente establecidad. | BF34: X | BG34: No aporta Certificado de Existencia y Rep Legal. Subsanar | BJ34: Persona jurídica extranjera legalmente establecidad. | BK34: X | BP34: Persona jurídica extranjera legalmente establecidad. | BQ34: X | BV34: Persona jurídica extranjera legalmente establecidad. | BW34: X
A35: A.2. | B35: Certificación del revisor fiscal en caso de ser sociedad anónima. | C35: N.A | G35: A.2. | H35: Certificación del revisor fiscal en caso de ser sociedad anónima. | I35: N.A | M35: A.2. | N35: Certificación del revisor fiscal en caso de ser sociedad anónima. | O35: N.A | S35: A.2. | T35: Certificación del revisor fiscal en caso de ser sociedad anónima. | U35: N.A | Y35: A.2. | Z35: Certificación del revisor fiscal en caso de ser sociedad anónima. | AA35: N.A | AE35: A.2. | AF35: Certificación del revisor fiscal en caso de ser sociedad anónima. | AG35: N.A | AK35: A.2. | AL35: Certificación del revisor fiscal en caso de ser sociedad anónima. | AM35: N.A | AQ35: A.2. | AR35: Certificación del revisor fiscal en caso de ser sociedad anónima. | AS35: N.A | AW35: A.2. | AX35: Certificación del revisor fiscal en caso de ser sociedad anónima. | AY35: N.A | BC35: A.2. | BD35: Certificación del revisor fiscal en caso de ser sociedad anónima. | BE35: N.A | BI35: A.2. | BJ35: Certificación del revisor fiscal en caso de ser sociedad anónima. | BK35: N.A | BO35: A.2. | BP35: Certificación del revisor fiscal en caso de ser sociedad anónima. | BQ35: N.A | BU35: A.2. | BV35: Certificación del revisor fiscal en caso de ser sociedad anónima. | BW35: N.A
A36: B. | B36: Persona Jurídica extranjera sin sucursal o domicilio en Colombia. | C36: N.A | G36: B. | H36: Persona Jurídica extranjera sin sucursal o domicilio en Colombia. | I36: N.A | M36: B. | N36: Persona Jurídica extranjera sin sucursal o domicilio en Colombia. | O36: N.A | S36: B. | T36: Persona Jurídica extranjera sin sucursal o domicilio en Colombia. | U36: N.A | Y36: B. | Z36: Persona Jurídica extranjera sin sucursal o domicilio en Colombia. | AA36: N.A | AE36: B. | AF36: Persona Jurídica extranjera sin sucursal o domicilio en Colombia. | AG36: N.A | AK36: B. | AL36: Persona Jurídica extranjera sin sucursal o domicilio en Colombia. | AM36: N.A | AQ36: B. | AR36: Persona Jurídica extranjera sin sucursal o domicilio en Colombia. | AS36: N.A | AW36: B. | AX36: Persona Jurídica extranjera sin sucursal o domicilio en Colombia. | AY36: N.A | BC36: B. | BD36: Persona Jurídica extranjera sin sucursal o domicilio en Colombia. | BE36: N.A | BI36: B. | BJ36: Persona Jurídica extranjera sin sucursal o domicilio en Colombia. | BK36: N.A | BO36: B. | BP36: Persona Jurídica extranjera sin sucursal o domicilio en Colombia. | BQ36: N.A | BU36: B. | BV36: Persona Jurídica extranjera sin sucursal o domicilio en Colombia. | BW36: N.A
A37: B1. | B37: I. Nombre o razón social completa. | C37: N.A | G37: B1. | H37: I. Nombre o razón social completa. | I37: N.A | M37: B1. | N37: I. Nombre o razón social completa. | O37: N.A | S37: B1. | T37: I. Nombre o razón social completa. | U37: N.A | Y37: B1. | Z37: I. Nombre o razón social completa. | AA37: N.A | AE37: B1. | AF37: I. Nombre o razón social completa. | AG37: N.A | AK37: B1. | AL37: I. Nombre o razón social completa. | AM37: N.A | AQ37: B1. | AR37: I. Nombre o razón social completa. | AS37: N.A | AW37: B1. | AX37: I. Nombre o razón social completa. | AY37: N.A | BC37: B1. | BD37: I. Nombre o razón social completa. | BE37: N.A | BI37: B1. | BJ37: I. Nombre o razón social completa. | BK37: N.A | BO37: B1. | BP37: I. Nombre o razón social completa. | BQ37: N.A | BU37: B1. | BV37: I. Nombre o razón social completa. | BW37: N.A
A38: B2. | B38: II. Nombre del Representante Legal o de la persona facultada para comprometer a la persona jurídica. | C38: N.A | G38: B2. | H38: II. Nombre del Representante Legal o de la persona facultada para comprometer a la persona jurídica. | I38: N.A | M38: B2. | N38: II. Nombre del Representante Legal o de la persona facultada para comprometer a la persona jurídica. | O38: N.A | S38: B2. | T38: II. Nombre del Representante Legal o de la persona facultada para comprometer a la persona jurídica. | U38: N.A | Y38: B2. | Z38: II. Nombre del Representante Legal o de la persona facultada para comprometer a la persona jurídica. | AA38: N.A | AE38: B2. | AF38: II. Nombre del Representante Legal o de la persona facultada para comprometer a la persona jurídica. | AG38: N.A | AK38: B2. | AL38: II. Nombre del Representante Legal o de la persona facultada para comprometer a la persona jurídica. | AM38: N.A | AQ38: B2. | AR38: II. Nombre del Representante Legal o de la persona facultada para comprometer a la persona jurídica. | AS38: N.A | AW38: B2. | AX38: II. Nombre del Representante Legal o de la persona facultada para comprometer a la persona jurídica. | AY38: N.A | BC38: B2. | BD38: II. Nombre del Representante Legal o de la persona facultada para comprometer a la persona jurídica. | BE38: N.A | BI38: B2. | BJ38: II. Nombre del Representante Legal o de la persona facultada para comprometer a la persona jurídica. | BK38: N.A | BO38: B2. | BP38: II. Nombre del Representante Legal o de la persona facultada para comprometer a la persona jurídica. | BQ38: N.A | BU38: B2. | BV38: II. Nombre del Representante Legal o de la persona facultada para comprometer a la persona jurídica. | BW38: N.A
A39: B3. | B39: III. Que el objeto de la sociedad permita ejecutar las actividades descritas en el objeto del presente Proceso de Contratación. | C39: N.A | G39: B3. | H39: III. Que el objeto de la sociedad permita ejecutar las actividades descritas en el objeto del presente Proceso de Contratación. | I39: N.A | M39: B3. | N39: III. Que el objeto de la sociedad permita ejecutar las actividades descritas en el objeto del presente Proceso de Contratación. | O39: N.A | S39: B3. | T39: III. Que el objeto de la sociedad permita ejecutar las actividades descritas en el objeto del presente Proceso de Contratación. | U39: N.A | Y39: B3. | Z39: III. Que el objeto de la sociedad permita ejecutar las actividades descritas en el objeto del presente Proceso de Contratación. | AA39: N.A | AE39: B3. | AF39: III. Que el objeto de la sociedad permita ejecutar las actividades descritas en el objeto del presente Proceso de Contratación. | AG39: N.A | AK39: B3. | AL39: III. Que el objeto de la sociedad permita ejecutar las actividades descritas en el objeto del presente Proceso de Contratación. | AM39: N.A | AQ39: B3. | AR39: III. Que el objeto de la sociedad permita ejecutar las actividades descritas en el objeto del presente Proceso de Contratación. | AS39: N.A | AW39: B3. | AX39: III. Que el objeto de la sociedad permita ejecutar las actividades descritas en el objeto del presente Proceso de Contratación. | AY39: N.A | BC39: B3. | BD39: III. Que el objeto de la sociedad permita ejecutar las actividades descritas en el objeto del presente Proceso de Contratación. | BE39: N.A | BI39: B3. | BJ39: III. Que el objeto de la sociedad permita ejecutar las actividades descritas en el objeto del presente Proceso de Contratación. | BK39: N.A | BO39: B3. | BP39: III. Que el objeto de la sociedad permita ejecutar las actividades descritas en el objeto del presente Proceso de Contratación. | BQ39: N.A | BU39: B3. | BV39: III. Que el objeto de la sociedad permita ejecutar las actividades descritas en el objeto del presente Proceso de Contratación. | BW39: N.A
A40: B4. | B40: IV. Facultades del representante legal o de la persona facultada para comprometer a la persona jurídica, en la que se señale expresamente que el representante no tiene limitaciones para contraer obligaciones en nombre de la misma o aportando la autorización o documento correspondiente del órgano social competente respectivo para cada caso. | C40: N.A | G40: B4. | H40: IV. Facultades del representante legal o de la persona facultada para comprometer a la persona jurídica, en la que se señale expresamente que el representante no tiene limitaciones para contraer obligaciones en nombre de la misma o aportando la autorización o documento correspondiente del órgano social competente respectivo para cada caso. | I40: N.A | M40: B4. | N40: IV. Facultades del representante legal o de la persona facultada para comprometer a la persona jurídica, en la que se señale expresamente que el representante no tiene limitaciones para contraer obligaciones en nombre de la misma o aportando la autorización o documento correspondiente del órgano social competente respectivo para cada caso. | O40: N.A | S40: B4. | T40: IV. Facultades del representante legal o de la persona facultada para comprometer a la persona jurídica, en la que se señale expresamente que el representante no tiene limitaciones para contraer obligaciones en nombre de la misma o aportando la autorización o documento correspondiente del órgano social competente respectivo para cada caso. | U40: N.A | Y40: B4. | Z40: IV. Facultades del representante legal o de la persona facultada para comprometer a la persona jurídica, en la que se señale expresamente que el representante no tiene limitaciones para contraer obligaciones en nombre de la misma o aportando la autorización o documento correspondiente del órgano social competente respectivo para cada caso. | AA40: N.A | AE40: B4. | AF40: IV. Facultades del representante legal o de la persona facultada para comprometer a la persona jurídica, en la que se señale expresamente que el representante no tiene limitaciones para contraer obligaciones en nombre de la misma o aportando la autorización o documento correspondiente del órgano social competente respectivo para cada caso. | AG40: N.A | AK40: B4. | AL40: IV. Facultades del representante legal o de la persona facultada para comprometer a la persona jurídica, en la que se señale expresamente que el representante no tiene limitaciones para contraer obligaciones en nombre de la misma o aportando la autorización o documento correspondiente del órgano social competente respectivo para cada caso. | AM40: N.A | AQ40: B4. | AR40: IV. Facultades del representante legal o de la persona facultada para comprometer a la persona jurídica, en la que se señale expresamente que el representante no tiene limitaciones para contraer obligaciones en nombre de la misma o aportando la autorización o documento correspondiente del órgano social competente respectivo para cada caso. | AS40: N.A | AW40: B4. | AX40: IV. Facultades del representante legal o de la persona facultada para comprometer a la persona jurídica, en la que se señale expresamente que el representante no tiene limitaciones para contraer obligaciones en nombre de la misma o aportando la autorización o documento correspondiente del órgano social competente respectivo para cada caso. | AY40: N.A | BC40: B4. | BD40: IV. Facultades del representante legal o de la persona facultada para comprometer a la persona jurídica, en la que se señale expresamente que el representante no tiene limitaciones para contraer obligaciones en nombre de la misma o aportando la autorización o documento correspondiente del órgano social competente respectivo para cada caso. | BE40: N.A | BI40: B4. | BJ40: IV. Facultades del representante legal o de la persona facultada para comprometer a la persona jurídica, en la que se señale expresamente que el representante no tiene limitaciones para contraer obligaciones en nombre de la misma o aportando la autorización o documento correspondiente del órgano social competente respectivo para cada caso. | BK40: N.A | BO40: B4. | BP40: IV. Facultades del representante legal o de la persona facultada para comprometer a la persona jurídica, en la que se señale expresamente que el representante no tiene limitaciones para contraer obligaciones en nombre de la misma o aportando la autorización o documento correspondiente del órgano social competente respectivo para cada caso. | BQ40: N.A | BU40: B4. | BV40: IV. Facultades del representante legal o de la persona facultada para comprometer a la persona jurídica, en la que se señale expresamente que el representante no tiene limitaciones para contraer obligaciones en nombre de la misma o aportando la autorización o documento correspondiente del órgano social competente respectivo para cada caso. | BW40: N.A
A41: B5. | B41: V. Tipo, número y fecha del documento de constitución o creación. | C41: N.A | G41: B5. | H41: V. Tipo, número y fecha del documento de constitución o creación. | I41: N.A | M41: B5. | N41: V. Tipo, número y fecha del documento de constitución o creación. | O41: N.A | S41: B5. | T41: V. Tipo, número y fecha del documento de constitución o creación. | U41: N.A | Y41: B5. | Z41: V. Tipo, número y fecha del documento de constitución o creación. | AA41: N.A | AE41: B5. | AF41: V. Tipo, número y fecha del documento de constitución o creación. | AG41: N.A | AK41: B5. | AL41: V. Tipo, número y fecha del documento de constitución o creación. | AM41: N.A | AQ41: B5. | AR41: V. Tipo, número y fecha del documento de constitución o creación. | AS41: N.A | AW41: B5. | AX41: V. Tipo, número y fecha del documento de constitución o creación. | AY41: N.A | BC41: B5. | BD41: V. Tipo, número y fecha del documento de constitución o creación. | BE41: N.A | BI41: B5. | BJ41: V. Tipo, número y fecha del documento de constitución o creación. | BK41: N.A | BO41: B5. | BP41: V. Tipo, número y fecha del documento de constitución o creación. | BQ41: N.A | BU41: B5. | BV41: V. Tipo, número y fecha del documento de constitución o creación. | BW41: N.A
A42: B6. | B42: VI. Fecha y clase de documento por el cual se reconoce la personería jurídica. | C42: N.A | G42: B6. | H42: VI. Fecha y clase de documento por el cual se reconoce la personería jurídica. | I42: N.A | M42: B6. | N42: VI. Fecha y clase de documento por el cual se reconoce la personería jurídica. | O42: N.A | S42: B6. | T42: VI. Fecha y clase de documento por el cual se reconoce la personería jurídica. | U42: N.A | Y42: B6. | Z42: VI. Fecha y clase de documento por el cual se reconoce la personería jurídica. | AA42: N.A | AE42: B6. | AF42: VI. Fecha y clase de documento por el cual se reconoce la personería jurídica. | AG42: N.A | AK42: B6. | AL42: VI. Fecha y clase de documento por el cual se reconoce la personería jurídica. | AM42: N.A | AQ42: B6. | AR42: VI. Fecha y clase de documento por el cual se reconoce la personería jurídica. | AS42: N.A | AW42: B6. | AX42: VI. Fecha y clase de documento por el cual se reconoce la personería jurídica. | AY42: N.A | BC42: B6. | BD42: VI. Fecha y clase de documento por el cual se reconoce la personería jurídica. | BE42: N.A | BI42: B6. | BJ42: VI. Fecha y clase de documento por el cual se reconoce la personería jurídica. | BK42: N.A | BO42: B6. | BP42: VI. Fecha y clase de documento por el cual se reconoce la personería jurídica. | BQ42: N.A | BU42: B6. | BV42: VI. Fecha y clase de documento por el cual se reconoce la personería jurídica. | BW42: N.A
A43: B7. | B43: VII. Vigencia de la persona jurídica no inferior al plazo del contrato y mínimo 30 meses adicionales contados a partir de la fecha del cierre del Proceso de Contratación. | C43: N.A | G43: B7. | H43: VII. Vigencia de la persona jurídica no inferior al plazo del contrato y mínimo 30 meses adicionales contados a partir de la fecha del cierre del Proceso de Contratación. | I43: N.A | M43: B7. | N43: VII. Vigencia de la persona jurídica no inferior al plazo del contrato y mínimo 30 meses adicionales contados a partir de la fecha del cierre del Proceso de Contratación. | O43: N.A | S43: B7. | T43: VII. Vigencia de la persona jurídica no inferior al plazo del contrato y mínimo 30 meses adicionales contados a partir de la fecha del cierre del Proceso de Contratación. | U43: N.A | Y43: B7. | Z43: VII. Vigencia de la persona jurídica no inferior al plazo del contrato y mínimo 30 meses adicionales contados a partir de la fecha del cierre del Proceso de Contratación. | AA43: N.A | AE43: B7. | AF43: VII. Vigencia de la persona jurídica no inferior al plazo del contrato y mínimo 30 meses adicionales contados a partir de la fecha del cierre del Proceso de Contratación. | AG43: N.A | AK43: B7. | AL43: VII. Vigencia de la persona jurídica no inferior al plazo del contrato y mínimo 30 meses adicionales contados a partir de la fecha del cierre del Proceso de Contratación. | AM43: N.A | AQ43: B7. | AR43: VII. Vigencia de la persona jurídica no inferior al plazo del contrato y mínimo 30 meses adicionales contados a partir de la fecha del cierre del Proceso de Contratación. | AS43: N.A | AW43: B7. | AX43: VII. Vigencia de la persona jurídica no inferior al plazo del contrato y mínimo 30 meses adicionales contados a partir de la fecha del cierre del Proceso de Contratación. | AY43: N.A | BC43: B7. | BD43: VII. Vigencia de la persona jurídica no inferior al plazo del contrato y mínimo 30 meses adicionales contados a partir de la fecha del cierre del Proceso de Contratación. | BE43: N.A | BI43: B7. | BJ43: VII. Vigencia de la persona jurídica no inferior al plazo del contrato y mínimo 30 meses adicionales contados a partir de la fecha del cierre del Proceso de Contratación. | BK43: N.A | BO43: B7. | BP43: VII. Vigencia de la persona jurídica no inferior al plazo del contrato y mínimo 30 meses adicionales contados a partir de la fecha del cierre del Proceso de Contratación. | BQ43: N.A | BU43: B7. | BV43: VII. Vigencia de la persona jurídica no inferior al plazo del contrato y mínimo 30 meses adicionales contados a partir de la fecha del cierre del Proceso de Contratación. | BW43: N.A
A44: 3.3.3 | B44: PROPONENTES PLURALES | G44: 3.3.3 | H44: PROPONENTES PLURALES | M44: 3.3.3 | N44: PROPONENTES PLURALES | S44: 3.3.3 | T44: PROPONENTES PLURALES | Y44: 3.3.3 | Z44: PROPONENTES PLURALES | AE44: 3.3.3 | AF44: PROPONENTES PLURALES | AK44: 3.3.3 | AL44: PROPONENTES PLURALES | AQ44: 3.3.3 | AR44: PROPONENTES PLURALES | AW44: 3.3.3 | AX44: PROPONENTES PLURALES | BC44: 3.3.3 | BD44: PROPONENTES PLURALES | BI44: 3.3.3 | BJ44: PROPONENTES PLURALES | BO44: 3.3.3 | BP44: PROPONENTES PLURALES | BU44: 3.3.3 | BV44: PROPONENTES PLURALES
A45: A | B45: Acreditación existencia y clasificación del proponente plural. | C45: N.A | G45: A | H45: Acreditación existencia y clasificación del proponente plural. | I45: N.A | M45: A | N45: Acreditación existencia y clasificación del proponente plural. | O45: N.A | S45: A | T45: Acreditación existencia y clasificación del proponente plural. | U45: N.A | Y45: A | Z45: Acreditación existencia y clasificación del proponente plural. | AA45: X | AE45: A | AF45: Acreditación existencia y clasificación del proponente plural. | AG45: N.A | AK45: A | AL45: Acreditación existencia y clasificación del proponente plural. | AM45: N.A | AQ45: A | AR45: Acreditación existencia y clasificación del proponente plural. | AS45: N.A | AW45: A | AX45: Acreditación existencia y clasificación del proponente plural. | AY45: N.A | BC45: A | BD45: Acreditación existencia y clasificación del proponente plural. | BE45: N.A | BI45: A | BJ45: Acreditación existencia y clasificación del proponente plural. | BK45: N.A | BO45: A | BP45: Acreditación existencia y clasificación del proponente plural. | BQ45: N.A | BU45: A | BV45: Acreditación existencia y clasificación del proponente plural. | BW45: X
A46: B | B46: Acreditación nombramiento del representante legal. | C46: N.A | G46: B | H46: Acreditación nombramiento del representante legal. | I46: N.A | M46: B | N46: Acreditación nombramiento del representante legal. | O46: N.A | S46: B | T46: Acreditación nombramiento del representante legal. | U46: N.A | Y46: B | Z46: Acreditación nombramiento del representante legal. | AA46: X | AE46: B | AF46: Acreditación nombramiento del representante legal. | AG46: N.A | AK46: B | AL46: Acreditación nombramiento del representante legal. | AM46: N.A | AQ46: B | AR46: Acreditación nombramiento del representante legal. | AS46: N.A | AW46: B | AX46: Acreditación nombramiento del representante legal. | AY46: N.A | BC46: B | BD46: Acreditación nombramiento del representante legal. | BE46: N.A | BI46: B | BJ46: Acreditación nombramiento del representante legal. | BK46: N.A | BO46: B | BP46: Acreditación nombramiento del representante legal. | BQ46: N.A | BU46: B | BV46: Acreditación nombramiento del representante legal. | BW46: X
A47: C | B47: Cédula de ciudadanía del representante de la estructura plural. | C47: N.A | G47: C | H47: Cédula de ciudadanía del representante de la estructura plural. | I47: N.A | M47: C | N47: Cédula de ciudadanía del representante de la estructura plural. | O47: N.A | S47: C | T47: Cédula de ciudadanía del representante de la estructura plural. | U47: N.A | Y47: C | Z47: Cédula de ciudadanía del representante de la estructura plural. | AA47: X | AE47: C | AF47: Cédula de ciudadanía del representante de la estructura plural. | AG47: N.A | AK47: C | AL47: Cédula de ciudadanía del representante de la estructura plural. | AM47: N.A | AQ47: C | AR47: Cédula de ciudadanía del representante de la estructura plural. | AS47: N.A | AW47: C | AX47: Cédula de ciudadanía del representante de la estructura plural. | AY47: N.A | BC47: C | BD47: Cédula de ciudadanía del representante de la estructura plural. | BE47: N.A | BI47: C | BJ47: Cédula de ciudadanía del representante de la estructura plural. | BK47: N.A | BO47: C | BP47: Cédula de ciudadanía del representante de la estructura plural. | BQ47: N.A | BU47: C | BV47: Cédula de ciudadanía del representante de la estructura plural. | BW47: X
A48: D | B48: Vigencia de la estructura plural. | C48: N.A | G48: D | H48: Vigencia de la estructura plural. | I48: N.A | M48: D | N48: Vigencia de la estructura plural. | O48: N.A | S48: D | T48: Vigencia de la estructura plural. | U48: N.A | Y48: D | Z48: Vigencia de la estructura plural. | AA48: X | AE48: D | AF48: Vigencia de la estructura plural. | AG48: N.A | AK48: D | AL48: Vigencia de la estructura plural. | AM48: N.A | AQ48: D | AR48: Vigencia de la estructura plural. | AS48: N.A | AW48: D | AX48: Vigencia de la estructura plural. | AY48: N.A | BC48: D | BD48: Vigencia de la estructura plural. | BE48: N.A | BI48: D | BJ48: Vigencia de la estructura plural. | BK48: N.A | BO48: D | BP48: Vigencia de la estructura plural. | BQ48: N.A | BU48: D | BV48: Vigencia de la estructura plural. | BW48: X
A49: E | B49: Porcentaje de participación de los miembros de la estructura plural. | C49: N.A | G49: E | H49: Porcentaje de participación de los miembros de la estructura plural. | I49: N.A | M49: E | N49: Porcentaje de participación de los miembros de la estructura plural. | O49: N.A | S49: E | T49: Porcentaje de participación de los miembros de la estructura plural. | U49: N.A | Y49: E | Z49: Porcentaje de participación de los miembros de la estructura plural. | AA49: X | AE49: E | AF49: Porcentaje de participación de los miembros de la estructura plural. | AG49: N.A | AK49: E | AL49: Porcentaje de participación de los miembros de la estructura plural. | AM49: N.A | AQ49: E | AR49: Porcentaje de participación de los miembros de la estructura plural. | AS49: N.A | AW49: E | AX49: Porcentaje de participación de los miembros de la estructura plural. | AY49: N.A | BC49: E | BD49: Porcentaje de participación de los miembros de la estructura plural. | BE49: N.A | BI49: E | BJ49: Porcentaje de participación de los miembros de la estructura plural. | BK49: N.A | BO49: E | BP49: Porcentaje de participación de los miembros de la estructura plural. | BQ49: N.A | BU49: E | BV49: Porcentaje de participación de los miembros de la estructura plural. | BW49: X
A50: F | B50: No modificación de porcentajes de participación en la estructura plural. | C50: N.A | G50: F | H50: No modificación de porcentajes de participación en la estructura plural. | I50: N.A | M50: F | N50: No modificación de porcentajes de participación en la estructura plural. | O50: N.A | S50: F | T50: No modificación de porcentajes de participación en la estructura plural. | U50: N.A | Y50: F | Z50: No modificación de porcentajes de participación en la estructura plural. | AA50: X | AE50: F | AF50: No modificación de porcentajes de participación en la estructura plural. | AG50: N.A | AK50: F | AL50: No modificación de porcentajes de participación en la estructura plural. | AM50: N.A | AQ50: F | AR50: No modificación de porcentajes de participación en la estructura plural. | AS50: N.A | AW50: F | AX50: No modificación de porcentajes de participación en la estructura plural. | AY50: N.A | BC50: F | BD50: No modificación de porcentajes de participación en la estructura plural. | BE50: N.A | BI50: F | BJ50: No modificación de porcentajes de participación en la estructura plural. | BK50: N.A | BO50: F | BP50: No modificación de porcentajes de participación en la estructura plural. | BQ50: N.A | BU50: F | BV50: No modificación de porcentajes de participación en la estructura plural. | BW50: X
A51: 3.4 | B51: CERTIFICACION DE PAGOS DE SEGURIDAD SOCIAL Y APORTES LEGALES | G51: 3.4 | H51: CERTIFICACION DE PAGOS DE SEGURIDAD SOCIAL Y APORTES LEGALES | M51: 3.4 | N51: CERTIFICACION DE PAGOS DE SEGURIDAD SOCIAL Y APORTES LEGALES | S51: 3.4 | T51: CERTIFICACION DE PAGOS DE SEGURIDAD SOCIAL Y APORTES LEGALES | Y51: 3.4 | Z51: CERTIFICACION DE PAGOS DE SEGURIDAD SOCIAL Y APORTES LEGALES | AE51: 3.4 | AF51: CERTIFICACION DE PAGOS DE SEGURIDAD SOCIAL Y APORTES LEGALES | AK51: 3.4 | AL51: CERTIFICACION DE PAGOS DE SEGURIDAD SOCIAL Y APORTES LEGALES | AQ51: 3.4 | AR51: CERTIFICACION DE PAGOS DE SEGURIDAD SOCIAL Y APORTES LEGALES | AW51: 3.4 | AX51: CERTIFICACION DE PAGOS DE SEGURIDAD SOCIAL Y APORTES LEGALES | BC51: 3.4 | BD51: CERTIFICACION DE PAGOS DE SEGURIDAD SOCIAL Y APORTES LEGALES | BI51: 3.4 | BJ51: CERTIFICACION DE PAGOS DE SEGURIDAD SOCIAL Y APORTES LEGALES | BO51: 3.4 | BP51: CERTIFICACION DE PAGOS DE SEGURIDAD SOCIAL Y APORTES LEGALES | BU51: 3.4 | BV51: CERTIFICACION DE PAGOS DE SEGURIDAD SOCIAL Y APORTES LEGALES
A52: 3.4.1 | B52: PERSONAS JURIDICAS | C52: X | G52: 3.4.1 | H52: PERSONAS JURIDICAS | I52: X | M52: 3.4.1 | N52: PERSONAS JURIDICAS | O52: X | S52: 3.4.1 | T52: PERSONAS JURIDICAS | U52: X | Y52: 3.4.1 | Z52: PERSONAS JURIDICAS | AA52: N.A | AE52: 3.4.1 | AF52: PERSONAS JURIDICAS | AG52: X | AK52: 3.4.1 | AL52: PERSONAS JURIDICAS | AM52: X | AQ52: 3.4.1 | AR52: PERSONAS JURIDICAS | AS52: X | AW52: 3.4.1 | AX52: PERSONAS JURIDICAS | AY52: N.A | BC52: 3.4.1 | BD52: PERSONAS JURIDICAS | BF52: X | BG52: Aporta certificado sin firma. Subsanar | BI52: 3.4.1 | BJ52: PERSONAS JURIDICAS | BK52: X | BO52: 3.4.1 | BP52: PERSONAS JURIDICAS | BQ52: X | BU52: 3.4.1 | BV52: PERSONAS JURIDICAS | BW52: N.A
A53: 3.4.2 | B53: PERSONAS NATURALES | C53: N.A | G53: 3.4.2 | H53: PERSONAS NATURALES | I53: N.A | M53: 3.4.2 | N53: PERSONAS NATURALES | O53: N.A | S53: 3.4.2 | T53: PERSONAS NATURALES | U53: N.A | Y53: 3.4.2 | Z53: PERSONAS NATURALES | AA53: N.A | AE53: 3.4.2 | AF53: PERSONAS NATURALES | AG53: N.A | AK53: 3.4.2 | AL53: PERSONAS NATURALES | AM53: N.A | AQ53: 3.4.2 | AR53: PERSONAS NATURALES | AS53: N.A | AW53: 3.4.2 | AX53: PERSONAS NATURALES | AY53: X | BC53: 3.4.2 | BD53: PERSONAS NATURALES | BE53: N.A | BI53: 3.4.2 | BJ53: PERSONAS NATURALES | BK53: N.A | BO53: 3.4.2 | BP53: PERSONAS NATURALES | BQ53: N.A | BU53: 3.4.2 | BV53: PERSONAS NATURALES | BW53: N.A
A54: 3.4.3 | B54: PROPONENTES PLURALES | C54: N.A | G54: 3.4.3 | H54: PROPONENTES PLURALES | I54: N.A | M54: 3.4.3 | N54: PROPONENTES PLURALES | O54: N.A | S54: 3.4.3 | T54: PROPONENTES PLURALES | U54: N.A | Y54: 3.4.3 | Z54: PROPONENTES PLURALES | AA54: X | AE54: 3.4.3 | AF54: PROPONENTES PLURALES | AG54: N.A | AK54: 3.4.3 | AL54: PROPONENTES PLURALES | AM54: N.A | AQ54: 3.4.3 | AR54: PROPONENTES PLURALES | AS54: N.A | AW54: 3.4.3 | AX54: PROPONENTES PLURALES | AY54: N.A | BC54: 3.4.3 | BD54: PROPONENTES PLURALES | BE54: N.A | BI54: 3.4.3 | BJ54: PROPONENTES PLURALES | BK54: N.A | BO54: 3.4.3 | BP54: PROPONENTES PLURALES | BQ54: N.A | BU54: 3.4.3 | BV54: PROPONENTES PLURALES | BW54: X
A55: 3.5 | B55: CAPACIDAD FINANCIERA | G55: 3.5 | H55: CAPACIDAD FINANCIERA | M55: 3.5 | N55: CAPACIDAD FINANCIERA | S55: 3.5 | T55: CAPACIDAD FINANCIERA | Y55: 3.5 | Z55: CAPACIDAD FINANCIERA | AE55: 3.5 | AF55: CAPACIDAD FINANCIERA | AK55: 3.5 | AL55: CAPACIDAD FINANCIERA | AQ55: 3.5 | AR55: CAPACIDAD FINANCIERA | AW55: 3.5 | AX55: CAPACIDAD FINANCIERA | BC55: 3.5 | BD55: CAPACIDAD FINANCIERA | BI55: 3.5 | BJ55: CAPACIDAD FINANCIERA | BO55: 3.5 | BP55: CAPACIDAD FINANCIERA | BU55: 3.5 | BV55: CAPACIDAD FINANCIERA
A56: 3.5.1 | B56: Liquidez >= 1,11 | C56: X | E56: Subsana documento dentro del plazo establecido | G56: 3.5.1 | H56: Liquidez >= 1,11 | I56: X | M56: 3.5.1 | N56: Liquidez >= 1,11 | O56: X | S56: 3.5.1 | T56: Liquidez >= 1,11 | U56: X | Y56: 3.5.1 | Z56: Liquidez >= 1,11 | AB56: X | AC56: No aportan Certificados de RUP. Subsanar | AE56: 3.5.1 | AF56: Liquidez >= 1,11 | AG56: X | AK56: 3.5.1 | AL56: Liquidez >= 1,11 | AM56: X | AQ56: 3.5.1 | AR56: Liquidez >= 1,11 | AS56: X | AW56: 3.5.1 | AX56: Liquidez >= 1,11 | AY56: X | BC56: 3.5.1 | BD56: Liquidez >= 1,11 | BF56: X | BG56: No Aporta certificado RUP. Subsanar | BI56: 3.5.1 | BJ56: Liquidez >= 1,11 | BK56: X | BO56: 3.5.1 | BP56: Liquidez >= 1,11 | BQ56: X | BU56: 3.5.1 | BV56: Liquidez >= 1,11 | BW56: X
A57: 3.5.2 | B57: Nivel de endeudamiento <= 75% | C57: X | E57: Subsana documento dentro del plazo establecido | G57: 3.5.2 | H57: Nivel de endeudamiento <= 75% | I57: X | M57: 3.5.2 | N57: Nivel de endeudamiento <= 75% | O57: X | S57: 3.5.2 | T57: Nivel de endeudamiento <= 75% | U57: X | Y57: 3.5.2 | Z57: Nivel de endeudamiento <= 75% | AB57: X | AC57: No aportan Certificados de RUP. Subsanar | AE57: 3.5.2 | AF57: Nivel de endeudamiento <= 75% | AG57: X | AK57: 3.5.2 | AL57: Nivel de endeudamiento <= 75% | AM57: X | AQ57: 3.5.2 | AR57: Nivel de endeudamiento <= 75% | AS57: X | AW57: 3.5.2 | AX57: Nivel de endeudamiento <= 75% | AY57: X | BC57: 3.5.2 | BD57: Nivel de endeudamiento <= 75% | BF57: X | BG57: No Aporta certificado RUP. Subsanar | BI57: 3.5.2 | BJ57: Nivel de endeudamiento <= 75% | BK57: X | BO57: 3.5.2 | BP57: Nivel de endeudamiento <= 75% | BQ57: X | BU57: 3.5.2 | BV57: Nivel de endeudamiento <= 75% | BW57: X
A58: 3.5.3 | B58: Razon de cobertura de Intereses >=0 | C58: X | E58: Subsana documento dentro del plazo establecido | G58: 3.5.3 | H58: Razon de cobertura de Intereses >=0 | I58: X | M58: 3.5.3 | N58: Razon de cobertura de Intereses >=0 | O58: X | S58: 3.5.3 | T58: Razon de cobertura de Intereses >=0 | U58: X | Y58: 3.5.3 | Z58: Razon de cobertura de Intereses >=0 | AB58: X | AC58: No aportan Certificados de RUP. Subsanar | AE58: 3.5.3 | AF58: Razon de cobertura de Intereses >=0 | AG58: X | AK58: 3.5.3 | AL58: Razon de cobertura de Intereses >=0 | AM58: X | AQ58: 3.5.3 | AR58: Razon de cobertura de Intereses >=0 | AS58: X | AW58: 3.5.3 | AX58: Razon de cobertura de Intereses >=0 | AY58: X | BC58: 3.5.3 | BD58: Razon de cobertura de Intereses >=0 | BF58: X | BG58: No Aporta certificado RUP. Subsanar | BI58: 3.5.3 | BJ58: Razon de cobertura de Intereses >=0 | BK58: X | BO58: 3.5.3 | BP58: Razon de cobertura de Intereses >=0 | BQ58: X | BU58: 3.5.3 | BV58: Razon de cobertura de Intereses >=0 | BW58: X
A59: 3.6 | B59: CAPITAL DE TRABAJO | G59: 3.6 | H59: CAPITAL DE TRABAJO | M59: 3.6 | N59: CAPITAL DE TRABAJO | S59: 3.6 | T59: CAPITAL DE TRABAJO | Y59: 3.6 | Z59: CAPITAL DE TRABAJO | AE59: 3.6 | AF59: CAPITAL DE TRABAJO | AK59: 3.6 | AL59: CAPITAL DE TRABAJO | AQ59: 3.6 | AR59: CAPITAL DE TRABAJO | AW59: 3.6 | AX59: CAPITAL DE TRABAJO | BC59: 3.6 | BD59: CAPITAL DE TRABAJO | BI59: 3.6 | BJ59: CAPITAL DE TRABAJO | BO59: 3.6 | BP59: CAPITAL DE TRABAJO | BU59: 3.6 | BV59: CAPITAL DE TRABAJO
A60: 3.6.1 | C60: X | E60: Subsana documento dentro del plazo establecido | G60: 3.6.1 | I60: X | M60: 3.6.1 | O60: X | S60: 3.6.1 | U60: X | Y60: 3.6.1 | AB60: X | AC60: No aportan Certificados de RUP. Subsanar | AE60: 3.6.1 | AG60: X | AK60: 3.6.1 | AM60: X | AQ60: 3.6.1 | AS60: X | AW60: 3.6.1 | AY60: X | BC60: 3.6.1 | BF60: X | BG60: No Aporta certificado RUP. Subsanar | BI60: 3.6.1 | BK60: X | BO60: 3.6.1 | BQ60: X | BU60: 3.6.1 | BW60: X
B61: =10%*C2 -> 10907618 | H61: =10%*I2 -> 10907618 | N61: =10%*O2 -> 10907618 | T61: =10%*U2 -> 10907618 | Z61: =10%*AA2 -> 10907618 | AF61: =10%*AG2 -> 10907618 | AL61: =10%*AM2 -> 10907618 | AR61: =10%*AS2 -> 10907618 | AX61: =10%*AY2 -> 10907618 | BD61: =10%*BE2 -> 10907618 | BJ61: =10%*BK2 -> 10907618 | BP61: =10%*BQ2 -> 10907618 | BV61: =10%*BW2 -> 10907618
A62: 3.7 | B62: CAPACIDAD ORGANIZACIONAL | G62: 3.7 | H62: CAPACIDAD ORGANIZACIONAL | M62: 3.7 | N62: CAPACIDAD ORGANIZACIONAL | S62: 3.7 | T62: CAPACIDAD ORGANIZACIONAL | Y62: 3.7 | Z62: CAPACIDAD ORGANIZACIONAL | AE62: 3.7 | AF62: CAPACIDAD ORGANIZACIONAL | AK62: 3.7 | AL62: CAPACIDAD ORGANIZACIONAL | AQ62: 3.7 | AR62: CAPACIDAD ORGANIZACIONAL | AW62: 3.7 | AX62: CAPACIDAD ORGANIZACIONAL | BC62: 3.7 | BD62: CAPACIDAD ORGANIZACIONAL | BI62: 3.7 | BJ62: CAPACIDAD ORGANIZACIONAL | BO62: 3.7 | BP62: CAPACIDAD ORGANIZACIONAL | BU62: 3.7 | BV62: CAPACIDAD ORGANIZACIONAL
A63: 3.7.1 | B63: Rentabilidad sobre Patrimonio (ROE) >= 0 | C63: X | E63: Subsana documento dentro del plazo establecido | G63: 3.7.1 | H63: Rentabilidad sobre Patrimonio (ROE) >= 0 | I63: X | M63: 3.7.1 | N63: Rentabilidad sobre Patrimonio (ROE) >= 0 | O63: X | S63: 3.7.1 | T63: Rentabilidad sobre Patrimonio (ROE) >= 0 | U63: X | Y63: 3.7.1 | Z63: Rentabilidad sobre Patrimonio (ROE) >= 0 | AB63: X | AC63: No aportan Certificados de RUP. Subsanar | AE63: 3.7.1 | AF63: Rentabilidad sobre Patrimonio (ROE) >= 0 | AG63: X | AK63: 3.7.1 | AL63: Rentabilidad sobre Patrimonio (ROE) >= 0 | AM63: X | AQ63: 3.7.1 | AR63: Rentabilidad sobre Patrimonio (ROE) >= 0 | AS63: X | AW63: 3.7.1 | AX63: Rentabilidad sobre Patrimonio (ROE) >= 0 | AY63: X | BC63: 3.7.1 | BD63: Rentabilidad sobre Patrimonio (ROE) >= 0 | BF63: X | BG63: No Aporta certificado RUP. Subsanar | BI63: 3.7.1 | BJ63: Rentabilidad sobre Patrimonio (ROE) >= 0 | BK63: X | BO63: 3.7.1 | BP63: Rentabilidad sobre Patrimonio (ROE) >= 0 | BQ63: X | BU63: 3.7.1 | BV63: Rentabilidad sobre Patrimonio (ROE) >= 0 | BW63: X
A64: 3.7.2 | B64: Rentabilidad del Activo (ROA) >= 0 | C64: X | E64: Subsana documento dentro del plazo establecido | G64: 3.7.2 | H64: Rentabilidad del Activo (ROA) >= 0 | I64: X | M64: 3.7.2 | N64: Rentabilidad del Activo (ROA) >= 0 | O64: X | S64: 3.7.2 | T64: Rentabilidad del Activo (ROA) >= 0 | U64: X | Y64: 3.7.2 | Z64: Rentabilidad del Activo (ROA) >= 0 | AB64: X | AC64: No aportan Certificados de RUP. Subsanar | AE64: 3.7.2 | AF64: Rentabilidad del Activo (ROA) >= 0 | AG64: X | AK64: 3.7.2 | AL64: Rentabilidad del Activo (ROA) >= 0 | AM64: X | AQ64: 3.7.2 | AR64: Rentabilidad del Activo (ROA) >= 0 | AS64: X | AW64: 3.7.2 | AX64: Rentabilidad del Activo (ROA) >= 0 | AY64: X | BC64: 3.7.2 | BD64: Rentabilidad del Activo (ROA) >= 0 | BF64: X | BG64: No Aporta certificado RUP. Subsanar | BI64: 3.7.2 | BJ64: Rentabilidad del Activo (ROA) >= 0 | BK64: X | BO64: 3.7.2 | BP64: Rentabilidad del Activo (ROA) >= 0 | BQ64: X | BU64: 3.7.2 | BV64: Rentabilidad del Activo (ROA) >= 0 | BW64: X
A65: 3.7.1 | B65: ACREDITACION DE LA CAPACIDAD FINANCIERA Y ORGANIZACIONAL | G65: 3.7.1 | H65: ACREDITACION DE LA CAPACIDAD FINANCIERA Y ORGANIZACIONAL | M65: 3.7.1 | N65: ACREDITACION DE LA CAPACIDAD FINANCIERA Y ORGANIZACIONAL | S65: 3.7.1 | T65: ACREDITACION DE LA CAPACIDAD FINANCIERA Y ORGANIZACIONAL | Y65: 3.7.1 | Z65: ACREDITACION DE LA CAPACIDAD FINANCIERA Y ORGANIZACIONAL | AE65: 3.7.1 | AF65: ACREDITACION DE LA CAPACIDAD FINANCIERA Y ORGANIZACIONAL | AK65: 3.7.1 | AL65: ACREDITACION DE LA CAPACIDAD FINANCIERA Y ORGANIZACIONAL | AQ65: 3.7.1 | AR65: ACREDITACION DE LA CAPACIDAD FINANCIERA Y ORGANIZACIONAL | AW65: 3.7.1 | AX65: ACREDITACION DE LA CAPACIDAD FINANCIERA Y ORGANIZACIONAL | BC65: 3.7.1 | BD65: ACREDITACION DE LA CAPACIDAD FINANCIERA Y ORGANIZACIONAL | BI65: 3.7.1 | BJ65: ACREDITACION DE LA CAPACIDAD FINANCIERA Y ORGANIZACIONAL | BO65: 3.7.1 | BP65: ACREDITACION DE LA CAPACIDAD FINANCIERA Y ORGANIZACIONAL | BU65: 3.7.1 | BV65: ACREDITACION DE LA CAPACIDAD FINANCIERA Y ORGANIZACIONAL
A66: 3.7.1.1 | B66: Personas Naturales o Juridicado nacionales y extrangeras con sucursal en Colombia . Resentacion de RUP | G66: 3.7.1.1 | H66: Personas Naturales o Juridicado nacionales y extrangeras con sucursal en Colombia . Resentacion de RUP | M66: 3.7.1.1 | N66: Personas Naturales o Juridicado nacionales y extrangeras con sucursal en Colombia . Resentacion de RUP | S66: 3.7.1.1 | T66: Personas Naturales o Juridicado nacionales y extrangeras con sucursal en Colombia . Resentacion de RUP | Y66: 3.7.1.1 | Z66: Personas Naturales o Juridicado nacionales y extrangeras con sucursal en Colombia . Resentacion de RUP | AE66: 3.7.1.1 | AF66: Personas Naturales o Juridicado nacionales y extrangeras con sucursal en Colombia . Resentacion de RUP | AK66: 3.7.1.1 | AL66: Personas Naturales o Juridicado nacionales y extrangeras con sucursal en Colombia . Resentacion de RUP | AQ66: 3.7.1.1 | AR66: Personas Naturales o Juridicado nacionales y extrangeras con sucursal en Colombia . Resentacion de RUP | AW66: 3.7.1.1 | AX66: Personas Naturales o Juridicado nacionales y extrangeras con sucursal en Colombia . Resentacion de RUP | BC66: 3.7.1.1 | BD66: Personas Naturales o Juridicado nacionales y extrangeras con sucursal en Colombia . Resentacion de RUP | BI66: 3.7.1.1 | BJ66: Personas Naturales o Juridicado nacionales y extrangeras con sucursal en Colombia . Resentacion de RUP | BO66: 3.7.1.1 | BP66: Personas Naturales o Juridicado nacionales y extrangeras con sucursal en Colombia . Resentacion de RUP | BU66: 3.7.1.1 | BV66: Personas Naturales o Juridicado nacionales y extrangeras con sucursal en Colombia . Resentacion de RUP
A67: a | B67: Registro Único de Proponentes vigente y en firme | C67: X | E67: Subsana documento dentro del plazo establecido | G67: a | H67: Registro Único de Proponentes vigente y en firme | I67: X | M67: a | N67: Registro Único de Proponentes vigente y en firme | O67: X | Q67: Subsana documento dentro del plazo establecido | S67: a | T67: Registro Único de Proponentes vigente y en firme | U67: X | Y67: a | Z67: Registro Único de Proponentes vigente y en firme | AB67: X | AC67: No aportan Certificados de RUP. Subsanar | AE67: a | AF67: Registro Único de Proponentes vigente y en firme | AG67: X | AK67: a | AL67: Registro Único de Proponentes vigente y en firme | AM67: X | AQ67: a | AR67: Registro Único de Proponentes vigente y en firme | AS67: X | AW67: a | AX67: Registro Único de Proponentes vigente y en firme | AY67: X | BC67: a | BD67: Registro Único de Proponentes vigente y en firme | BF67: X | BG67: No Aporta certificado RUP. Subsanar | BI67: a | BJ67: Registro Único de Proponentes vigente y en firme | BK67: X | BO67: a | BP67: Registro Único de Proponentes vigente y en firme | BQ67: X | BU67: a | BV67: Registro Único de Proponentes vigente y en firme | BW67: X
A68: 3.7.1.2 | B68: Personad Naturales o Juriidicas extrajenras sin sucursal en colombia | G68: 3.7.1.2 | H68: Personad Naturales o Juriidicas extrajenras sin sucursal en colombia | M68: 3.7.1.2 | N68: Personad Naturales o Juriidicas extrajenras sin sucursal en colombia | S68: 3.7.1.2 | T68: Personad Naturales o Juriidicas extrajenras sin sucursal en colombia | Y68: 3.7.1.2 | Z68: Personad Naturales o Juriidicas extrajenras sin sucursal en colombia | AE68: 3.7.1.2 | AF68: Personad Naturales o Juriidicas extrajenras sin sucursal en colombia | AK68: 3.7.1.2 | AL68: Personad Naturales o Juriidicas extrajenras sin sucursal en colombia | AQ68: 3.7.1.2 | AR68: Personad Naturales o Juriidicas extrajenras sin sucursal en colombia | AW68: 3.7.1.2 | AX68: Personad Naturales o Juriidicas extrajenras sin sucursal en colombia | BC68: 3.7.1.2 | BD68: Personad Naturales o Juriidicas extrajenras sin sucursal en colombia | BI68: 3.7.1.2 | BJ68: Personad Naturales o Juriidicas extrajenras sin sucursal en colombia | BO68: 3.7.1.2 | BP68: Personad Naturales o Juriidicas extrajenras sin sucursal en colombia | BU68: 3.7.1.2 | BV68: Personad Naturales o Juridicas extrajenras sin sucursal en colombia
A69: a | B69: Estados Financieros | C69: N.A | G69: a | H69: Estados Financieros | I69: N.A | M69: a | N69: Estados Financieros | O69: N.A | S69: a | T69: Estados Financieros | U69: N.A | Y69: a | Z69: Estados Financieros | AA69: N.A | AE69: a | AF69: Estados Financieros | AG69: N.A | AK69: a | AL69: Estados Financieros | AM69: N.A | AQ69: a | AR69: Estados Financieros | AS69: N.A | AW69: a | AX69: Estados Financieros | AY69: N.A | BC69: a | BD69: Estados Financieros | BE69: N.A | BI69: a | BJ69: Estados Financieros | BK69: N.A | BO69: a | BP69: Estados Financieros | BQ69: N.A | BU69: a | BV69: Estados Financieros | BW69: N.A
A70: b | B70: Tarjeta Profesional de Contador o Rev. Fiscal | C70: N.A | G70: b | H70: Tarjeta Profesional de Contador o Rev. Fiscal | I70: N.A | M70: b | N70: Tarjeta Profesional de Contador o Rev. Fiscal | O70: N.A | S70: b | T70: Tarjeta Profesional de Contador o Rev. Fiscal | U70: N.A | Y70: b | Z70: Tarjeta Profesional de Contador o Rev. Fiscal | AA70: N.A | AE70: b | AF70: Tarjeta Profesional de Contador o Rev. Fiscal | AG70: N.A | AK70: b | AL70: Tarjeta Profesional de Contador o Rev. Fiscal | AM70: N.A | AQ70: b | AR70: Tarjeta Profesional de Contador o Rev. Fiscal | AS70: N.A | AW70: b | AX70: Tarjeta Profesional de Contador o Rev. Fiscal | AY70: N.A | BC70: b | BD70: Tarjeta Profesional de Contador o Rev. Fiscal | BE70: N.A | BI70: b | BJ70: Tarjeta Profesional de Contador o Rev. Fiscal | BK70: N.A | BO70: b | BP70: Tarjeta Profesional de Contador o Rev. Fiscal | BQ70: N.A | BU70: b | BV70: Tarjeta Profesional de Contador o Rev. Fiscal | BW70: N.A
A71: c | B71: Formato 4 - Capacidad financiera y organizacional | C71: N.A | G71: c | H71: Formato 4 - Capacidad financiera y organizacional | I71: N.A | M71: c | N71: Formato 4 - Capacidad financiera y organizacional | O71: N.A | S71: c | T71: Formato 4 - Capacidad financiera y organizacional | U71: N.A | Y71: c | Z71: Formato 4 - Capacidad financiera y organizacional | AA71: N.A | AE71: c | AF71: Formato 4 - Capacidad financiera y organizacional | AG71: N.A | AK71: c | AL71: Formato 4 - Capacidad financiera y organizacional | AM71: N.A | AQ71: c | AR71: Formato 4 - Capacidad financiera y organizacional | AS71: N.A | AW71: c | AX71: Formato 4 - Capacidad financiera y organizacional | AY71: N.A | BC71: c | BD71: Formato 4 - Capacidad financiera y organizacional | BE71: N.A | BI71: c | BJ71: Formato 4 - Capacidad financiera y organizacional | BK71: N.A | BO71: c | BP71: Formato 4 - Capacidad financiera y organizacional | BQ71: N.A | BU71: c | BV71: Formato 4 - Capacidad financiera y organizacional | BW71: N.A
A72: 3.8 | B72: EXPERIENCIA Y EQUIPO DE TRABAJO | G72: 3.8 | H72: EXPERIENCIA Y EQUIPO DE TRABAJO | M72: 3.8 | N72: EXPERIENCIA Y EQUIPO DE TRABAJO | S72: 3.8 | T72: EXPERIENCIA Y EQUIPO DE TRABAJO | Y72: 3.8 | Z72: EXPERIENCIA Y EQUIPO DE TRABAJO | AE72: 3.8 | AF72: EXPERIENCIA Y EQUIPO DE TRABAJO | AK72: 3.8 | AL72: EXPERIENCIA Y EQUIPO DE TRABAJO | AQ72: 3.8 | AR72: EXPERIENCIA Y EQUIPO DE TRABAJO | AW72: 3.8 | AX72: EXPERIENCIA Y EQUIPO DE TRABAJO | BC72: 3.8 | BD72: EXPERIENCIA Y EQUIPO DE TRABAJO | BI72: 3.8 | BJ72: EXPERIENCIA Y EQUIPO DE TRABAJO | BO72: 3.8 | BP72: EXPERIENCIA Y EQUIPO DE TRABAJO | BU72: 3.8 | BV72: EXPERIENCIA Y EQUIPO DE TRABAJO
A73: 3.8.1 | B73: EXPERIENCIA MINIMA | G73: 3.8.1 | H73: EXPERIENCIA MINIMA | M73: 3.8.1 | N73: EXPERIENCIA MINIMA | S73: 3.8.1 | T73: EXPERIENCIA MINIMA | Y73: 3.8.1 | Z73: EXPERIENCIA MINIMA | AE73: 3.8.1 | AF73: EXPERIENCIA MINIMA | AK73: 3.8.1 | AL73: EXPERIENCIA MINIMA | AQ73: 3.8.1 | AR73: EXPERIENCIA MINIMA | AW73: 3.8.1 | AX73: EXPERIENCIA MINIMA | BC73: 3.8.1 | BD73: EXPERIENCIA MINIMA | BI73: 3.8.1 | BJ73: EXPERIENCIA MINIMA | BO73: 3.8.1 | BP73: EXPERIENCIA MINIMA | BU73: 3.8.1 | BV73: EXPERIENCIA MINIMA
A74: A | B74: Objeto: INTERVENTORIA A LA CONSTRUCCIÓN Y/O TERMINACIÓN Y/O AMPLIACIÓN Y/O REMODELACIÓN Y/O REFORZAMIENTO Y/O ADECUACIÓN Y/O REHABILITACIÓN Y/O MANTENIMIENTO Y/O MEJORAMIENTO Y/O MODIFICACIÓN DE EDIFICACIONES | C74: X | G74: A | H74: Objeto: INTERVENTORIA A LA CONSTRUCCIÓN Y/O TERMINACIÓN Y/O AMPLIACIÓN Y/O REMODELACIÓN Y/O REFORZAMIENTO Y/O ADECUACIÓN Y/O REHABILITACIÓN Y/O MANTENIMIENTO Y/O MEJORAMIENTO Y/O MODIFICACIÓN DE EDIFICACIONES | I74: X | M74: A | N74: Objeto: INTERVENTORIA A LA CONSTRUCCIÓN Y/O TERMINACIÓN Y/O AMPLIACIÓN Y/O REMODELACIÓN Y/O REFORZAMIENTO Y/O ADECUACIÓN Y/O REHABILITACIÓN Y/O MANTENIMIENTO Y/O MEJORAMIENTO Y/O MODIFICACIÓN DE EDIFICACIONES | O74: X | S74: A | T74: Objeto: INTERVENTORIA A LA CONSTRUCCIÓN Y/O TERMINACIÓN Y/O AMPLIACIÓN Y/O REMODELACIÓN Y/O REFORZAMIENTO Y/O ADECUACIÓN Y/O REHABILITACIÓN Y/O MANTENIMIENTO Y/O MEJORAMIENTO Y/O MODIFICACIÓN DE EDIFICACIONES | U74: X | Y74: A | Z74: Objeto: INTERVENTORIA A LA CONSTRUCCIÓN Y/O TERMINACIÓN Y/O AMPLIACIÓN Y/O REMODELACIÓN Y/O REFORZAMIENTO Y/O ADECUACIÓN Y/O REHABILITACIÓN Y/O MANTENIMIENTO Y/O MEJORAMIENTO Y/O MODIFICACIÓN DE EDIFICACIONES | AA74: X | AE74: A | AF74: Objeto: INTERVENTORIA A LA CONSTRUCCIÓN Y/O TERMINACIÓN Y/O AMPLIACIÓN Y/O REMODELACIÓN Y/O REFORZAMIENTO Y/O ADECUACIÓN Y/O REHABILITACIÓN Y/O MANTENIMIENTO Y/O MEJORAMIENTO Y/O MODIFICACIÓN DE EDIFICACIONES | AG74: X | AK74: A | AL74: Objeto: INTERVENTORIA A LA CONSTRUCCIÓN Y/O TERMINACIÓN Y/O AMPLIACIÓN Y/O REMODELACIÓN Y/O REFORZAMIENTO Y/O ADECUACIÓN Y/O REHABILITACIÓN Y/O MANTENIMIENTO Y/O MEJORAMIENTO Y/O MODIFICACIÓN DE EDIFICACIONES | AM74: X | AQ74: A | AR74: Objeto: INTERVENTORIA A LA CONSTRUCCIÓN Y/O TERMINACIÓN Y/O AMPLIACIÓN Y/O REMODELACIÓN Y/O REFORZAMIENTO Y/O ADECUACIÓN Y/O REHABILITACIÓN Y/O MANTENIMIENTO Y/O MEJORAMIENTO Y/O MODIFICACIÓN DE EDIFICACIONES | AS74: X | AW74: A | AX74: Objeto: INTERVENTORIA A LA CONSTRUCCIÓN Y/O TERMINACIÓN Y/O AMPLIACIÓN Y/O REMODELACIÓN Y/O REFORZAMIENTO Y/O ADECUACIÓN Y/O REHABILITACIÓN Y/O MANTENIMIENTO Y/O MEJORAMIENTO Y/O MODIFICACIÓN DE EDIFICACIONES | AY74: X | BC74: A | BD74: Objeto: INTERVENTORIA A LA CONSTRUCCIÓN Y/O TERMINACIÓN Y/O AMPLIACIÓN Y/O REMODELACIÓN Y/O REFORZAMIENTO Y/O ADECUACIÓN Y/O REHABILITACIÓN Y/O MANTENIMIENTO Y/O MEJORAMIENTO Y/O MODIFICACIÓN DE EDIFICACIONES | BF74: X | BG74: Los objetos de los certificados presentados no corresponde a Interventorias de Edificaciones. Subsanar | BI74: A | BJ74: Objeto: INTERVENTORIA A LA CONSTRUCCIÓN Y/O TERMINACIÓN Y/O AMPLIACIÓN Y/O REMODELACIÓN Y/O REFORZAMIENTO Y/O ADECUACIÓN Y/O REHABILITACIÓN Y/O MANTENIMIENTO Y/O MEJORAMIENTO Y/O MODIFICACIÓN DE EDIFICACIONES | BK74: X | BO74: A | BP74: Objeto: INTERVENTORIA A LA CONSTRUCCIÓN Y/O TERMINACIÓN Y/O AMPLIACIÓN Y/O REMODELACIÓN Y/O REFORZAMIENTO Y/O ADECUACIÓN Y/O REHABILITACIÓN Y/O MANTENIMIENTO Y/O MEJORAMIENTO Y/O MODIFICACIÓN DE EDIFICACIONES | BQ74: X | BU74: A | BV74: Objeto: INTERVENTORIA A LA CONSTRUCCIÓN Y/O TERMINACIÓN Y/O AMPLIACIÓN Y/O REMODELACIÓN Y/O REFORZAMIENTO Y/O ADECUACIÓN Y/O REHABILITACIÓN Y/O MANTENIMIENTO Y/O MEJORAMIENTO Y/O MODIFICACIÓN DE EDIFICACIONES | BW74: X
A75: B | B75: la sumatoria de los contratos aportados como experiencia es mayor o igual al cien por ciento (100 %) respecto del valor total del Presupuesto Oficial establecido para el Proceso de Contratación expresado en SMMLV | G75: B | H75: la sumatoria de los contratos aportados como experiencia es mayor o igual al cien por ciento (100 %) respecto del valor total del Presupuesto Oficial establecido para el Proceso de Contratación expresado en SMMLV | M75: B | N75: la sumatoria de los contratos aportados como experiencia es mayor o igual al cien por ciento (100 %) respecto del valor total del Presupuesto Oficial establecido para el Proceso de Contratación expresado en SMMLV | S75: B | T75: la sumatoria de los contratos aportados como experiencia es mayor o igual al cien por ciento (100 %) respecto del valor total del Presupuesto Oficial establecido para el Proceso de Contratación expresado en SMMLV | Y75: B | Z75: la sumatoria de los contratos aportados como experiencia es mayor o igual al cien por ciento (100 %) respecto del valor total del Presupuesto Oficial establecido para el Proceso de Contratación expresado en SMMLV | AE75: B | AF75: la sumatoria de los contratos aportados como experiencia es mayor o igual al cien por ciento (100 %) respecto del valor total del Presupuesto Oficial establecido para el Proceso de Contratación expresado en SMMLV | AK75: B | AL75: la sumatoria de los contratos aportados como experiencia es mayor o igual al cien por ciento (100 %) respecto del valor total del Presupuesto Oficial establecido para el Proceso de Contratación expresado en SMMLV | AQ75: B | AR75: la sumatoria de los contratos aportados como experiencia es mayor o igual al cien por ciento (100 %) respecto del valor total del Presupuesto Oficial establecido para el Proceso de Contratación expresado en SMMLV | AW75: B | AX75: la sumatoria de los contratos aportados como experiencia es mayor o igual al cien por ciento (100 %) respecto del valor total del Presupuesto Oficial establecido para el Proceso de Contratación expresado en SMMLV | BC75: B | BD75: la sumatoria de los contratos aportados como experiencia es mayor o igual al cien por ciento (100 %) respecto del valor total del Presupuesto Oficial establecido para el Proceso de Contratación expresado en SMMLV | BI75: B | BJ75: la sumatoria de los contratos aportados como experiencia es mayor o igual al cien por ciento (100 %) respecto del valor total del Presupuesto Oficial establecido para el Proceso de Contratación expresado en SMMLV | BO75: B | BP75: la sumatoria de los contratos aportados como experiencia es mayor o igual al cien por ciento (100 %) respecto del valor total del Presupuesto Oficial establecido para el Proceso de Contratación expresado en SMMLV | BU75: B | BV75: la sumatoria de los contratos aportados como experiencia es mayor o igual al cien por ciento (100 %) respecto del valor total del Presupuesto Oficial establecido para el Proceso de Contratación expresado en SMMLV
B76: =+D2 -> 94.031189 | C76: X | H76: =+J2 -> 94.031189 | I76: X | N76: =+P2 -> 94.031189 | O76: X | T76: =+V2 -> 94.031189 | V76: X | W76: El valor del certificado aportado en el RUP es de 178,10 al afectarlo por el porcentaje de participación da: 178,10*50% = 89,05 es menor al 100% del valor del P.O | Z76: =+AB2 -> 94.031189 | AB76: X | AC76: No aportan Certificados de RUP. Subsanar | AF76: =+AH2 -> 94.031189 | AG76: X | AL76: =+AN2 -> 94.031189 | AM76: X | AR76: =+AT2 -> 94.031189 | AS76: X | AX76: =+AZ2 -> 94.031189 | AY76: X | BD76: =+BF2 -> 94.031189 | BF76: X | BG76: Los objetos de los certificados presentados no corresponde a Interventorias de Edificaciones. Subsanar | BJ76: =+BL2 -> 94.031189 | BK76: X | BP76: =+BR2 -> 94.031189 | BQ76: X | BV76: =+BX2 -> 94.031189 | BW76: X
A77: C | B77: Los contratos serán verificados en el Registro Único de Proponentes (RUP) y en el “Formato 3 – Experiencia | C77: X | E77: Subsana documento dentro del plazo establecido | G77: C | H77: Los contratos serán verificados en el Registro Único de Proponentes (RUP) y en el “Formato 3 – Experiencia | I77: X | M77: C | N77: Los contratos serán verificados en el Registro Único de Proponentes (RUP) y en el “Formato 3 – Experiencia | O77: X | S77: C | T77: Los contratos serán verificados en el Registro Único de Proponentes (RUP) y en el “Formato 3 – Experiencia | U77: X | Y77: C | Z77: Los contratos serán verificados en el Registro Único de Proponentes (RUP) y en el “Formato 3 – Experiencia | AB77: X | AC77: No aportan Certificados de RUP. Subsanar | AE77: C | AF77: Los contratos serán verificados en el Registro Único de Proponentes (RUP) y en el “Formato 3 – Experiencia | AG77: X | AK77: C | AL77: Los contratos serán verificados en el Registro Único de Proponentes (RUP) y en el “Formato 3 – Experiencia | AM77: X | AQ77: C | AR77: Los contratos serán verificados en el Registro Único de Proponentes (RUP) y en el “Formato 3 – Experiencia | AS77: X | AW77: C | AX77: Los contratos serán verificados en el Registro Único de Proponentes (RUP) y en el “Formato 3 – Experiencia | AY77: X | BC77: C | BD77: Los contratos serán verificados en el Registro Único de Proponentes (RUP) y en el “Formato 3 – Experiencia | BF77: X | BG77: No Aporta certificado RUP. Subsanar | BI77: C | BJ77: Los contratos serán verificados en el Registro Único de Proponentes (RUP) y en el “Formato 3 – Experiencia | BK77: X | BO77: C | BP77: Los contratos serán verificados en el Registro Único de Proponentes (RUP) y en el “Formato 3 – Experiencia | BQ77: X | BU77: C | BV77: Los contratos serán verificados en el Registro Único de Proponentes (RUP) y en el “Formato 3 – Experiencia | BW77: X
A78: D | B78: CLASIFICACION DE LA EXPERIENCIA - CODIGOS UNSPSC | C78: X | E78: Subsana documento dentro del plazo establecido | G78: D | H78: CLASIFICACION DE LA EXPERIENCIA - CODIGOS UNSPSC | J78: X | K78: Los certificados aportados no estan clasificados en el codigo UNSPSC exigido | M78: D | N78: CLASIFICACION DE LA EXPERIENCIA - CODIGOS UNSPSC | O78: X | S78: D | T78: CLASIFICACION DE LA EXPERIENCIA - CODIGOS UNSPSC | U78: X | Y78: D | Z78: CLASIFICACION DE LA EXPERIENCIA - CODIGOS UNSPSC | AB78: X | AC78: No aportan Certificados de RUP. Subsanar | AE78: D | AF78: CLASIFICACION DE LA EXPERIENCIA - CODIGOS UNSPSC | AG78: X | AK78: D | AL78: CLASIFICACION DE LA EXPERIENCIA - CODIGOS UNSPSC | AM78: X | AQ78: D | AR78: CLASIFICACION DE LA EXPERIENCIA - CODIGOS UNSPSC | AS78: X | AW78: D | AX78: CLASIFICACION DE LA EXPERIENCIA - CODIGOS UNSPSC | AY78: X | BC78: D | BD78: CLASIFICACION DE LA EXPERIENCIA - CODIGOS UNSPSC | BF78: X | BG78: No Aporta certificado RUP. Subsanar | BI78: D | BJ78: CLASIFICACION DE LA EXPERIENCIA - CODIGOS UNSPSC | BK78: X | BO78: D | BP78: CLASIFICACION DE LA EXPERIENCIA - CODIGOS UNSPSC | BQ78: X | BU78: D | BV78: CLASIFICACION DE LA EXPERIENCIA - CODIGOS UNSPSC | BW78: X
A79: E | B79: MINIMO 1 MAXIMO 5 CONTRATOS | C79: X | G79: E | H79: MINIMO 1 MAXIMO 5 CONTRATOS | I79: X | M79: E | N79: MINIMO 1 MAXIMO 5 CONTRATOS | O79: X | S79: E | T79: MINIMO 1 MAXIMO 5 CONTRATOS | U79: X | Y79: E | Z79: MINIMO 1 MAXIMO 5 CONTRATOS | AA79: X | AE79: E | AF79: MINIMO 1 MAXIMO 5 CONTRATOS | AG79: X | AK79: E | AL79: MINIMO 1 MAXIMO 5 CONTRATOS | AM79: X | AQ79: E | AR79: MINIMO 1 MAXIMO 5 CONTRATOS | AS79: X | AW79: E | AX79: MINIMO 1 MAXIMO 5 CONTRATOS | AY79: X | BC79: E | BD79: MINIMO 1 MAXIMO 5 CONTRATOS | BF79: X | BG79: No Aporta certificado RUP. Subsanar | BI79: E | BJ79: MINIMO 1 MAXIMO 5 CONTRATOS | BK79: X | BO79: E | BP79: MINIMO 1 MAXIMO 5 CONTRATOS | BQ79: X | BU79: E | BV79: MINIMO 1 MAXIMO 5 CONTRATOS | BW79: X
A80: G | B80: DOCUMENTOS VALIDOS PARA LA ACREDITACION DE LA EXPERIENCIA REQUERIDA | C80: X | E80: Subsana documento dentro del plazo establecido | G80: G | H80: DOCUMENTOS VALIDOS PARA LA ACREDITACION DE LA EXPERIENCIA REQUERIDA | I80: X | M80: G | N80: DOCUMENTOS VALIDOS PARA LA ACREDITACION DE LA EXPERIENCIA REQUERIDA | O80: X | S80: G | T80: DOCUMENTOS VALIDOS PARA LA ACREDITACION DE LA EXPERIENCIA REQUERIDA | U80: X | Y80: G | Z80: DOCUMENTOS VALIDOS PARA LA ACREDITACION DE LA EXPERIENCIA REQUERIDA | AA80: X | AE80: G | AF80: DOCUMENTOS VALIDOS PARA LA ACREDITACION DE LA EXPERIENCIA REQUERIDA | AG80: X | AK80: G | AL80: DOCUMENTOS VALIDOS PARA LA ACREDITACION DE LA EXPERIENCIA REQUERIDA | AM80: X | AQ80: G | AR80: DOCUMENTOS VALIDOS PARA LA ACREDITACION DE LA EXPERIENCIA REQUERIDA | AS80: X | AW80: G | AX80: DOCUMENTOS VALIDOS PARA LA ACREDITACION DE LA EXPERIENCIA REQUERIDA | AY80: X | BC80: G | BD80: DOCUMENTOS VALIDOS PARA LA ACREDITACION DE LA EXPERIENCIA REQUERIDA | BF80: X | BG80: No Aporta certificado RUP. Subsanar | BI80: G | BJ80: DOCUMENTOS VALIDOS PARA LA ACREDITACION DE LA EXPERIENCIA REQUERIDA | BK80: X | BO80: G | BP80: DOCUMENTOS VALIDOS PARA LA ACREDITACION DE LA EXPERIENCIA REQUERIDA | BQ80: X | BU80: G | BV80: DOCUMENTOS VALIDOS PARA LA ACREDITACION DE LA EXPERIENCIA REQUERIDA | BW80: X
A81: H | B81: SUBCONTRATOS | C81: N.A | G81: H | H81: SUBCONTRATOS | I81: N.A | M81: H | N81: SUBCONTRATOS | O81: N.A | S81: H | T81: SUBCONTRATOS | U81: N.A | Y81: H | Z81: SUBCONTRATOS | AA81: N.A | AE81: H | AF81: SUBCONTRATOS | AG81: N.A | AK81: H | AL81: SUBCONTRATOS | AM81: N.A | AQ81: H | AR81: SUBCONTRATOS | AS81: N.A | AW81: H | AX81: SUBCONTRATOS | AY81: N.A | BC81: H | BD81: SUBCONTRATOS | BE81: N.A | BI81: H | BJ81: SUBCONTRATOS | BK81: N.A | BO81: H | BP81: SUBCONTRATOS | BQ81: N.A | BU81: H | BV81: SUBCONTRATOS | BW81: N.A
A82: 3.8.2 | B82: PROFESIONALES MINIMOS EXIGIDOS | G82: 3.8.2 | H82: PROFESIONALES MINIMOS EXIGIDOS | M82: 3.8.2 | N82: PROFESIONALES MINIMOS EXIGIDOS | S82: 3.8.2 | T82: PROFESIONALES MINIMOS EXIGIDOS | Y82: 3.8.2 | Z82: PROFESIONALES MINIMOS EXIGIDOS | AE82: 3.8.2 | AF82: PROFESIONALES MINIMOS EXIGIDOS | AK82: 3.8.2 | AL82: PROFESIONALES MINIMOS EXIGIDOS | AQ82: 3.8.2 | AR82: PROFESIONALES MINIMOS EXIGIDOS | AW82: 3.8.2 | AX82: PROFESIONALES MINIMOS EXIGIDOS | BC82: 3.8.2 | BD82: PROFESIONALES MINIMOS EXIGIDOS | BI82: 3.8.2 | BJ82: PROFESIONALES MINIMOS EXIGIDOS | BO82: 3.8.2 | BP82: PROFESIONALES MINIMOS EXIGIDOS | BU82: 3.8.2 | BV82: PROFESIONALES MINIMOS EXIGIDOS
A83: A | B83: Formato 8 - Aceptación y cumplimiento de la formación académica y la experiencia del personal clave evaluable | C83: X | G83: A | H83: Formato 8 - Aceptación y cumplimiento de la formación académica y la experiencia del personal clave evaluable | I83: X | M83: A | N83: Formato 8 - Aceptación y cumplimiento de la formación académica y la experiencia del personal clave evaluable | O83: X | S83: A | T83: Formato 8 - Aceptación y cumplimiento de la formación académica y la experiencia del personal clave evaluable | U83: X | Y83: A | Z83: Formato 8 - Aceptación y cumplimiento de la formación académica y la experiencia del personal clave evaluable | AA83: X | AE83: A | AF83: Formato 8 - Aceptación y cumplimiento de la formación académica y la experiencia del personal clave evaluable | AG83: X | AK83: A | AL83: Formato 8 - Aceptación y cumplimiento de la formación académica y la experiencia del personal clave evaluable | AM83: X | AQ83: A | AR83: Formato 8 - Aceptación y cumplimiento de la formación académica y la experiencia del personal clave evaluable | AS83: X | AW83: A | AX83: Formato 8 - Aceptación y cumplimiento de la formación académica y la experiencia del personal clave evaluable | AY83: X | BC83: A | BD83: Formato 8 - Aceptación y cumplimiento de la formación académica y la experiencia del personal clave evaluable | BE83: X | BI83: A | BJ83: Formato 8 - Aceptación y cumplimiento de la formación académica y la experiencia del personal clave evaluable | BK83: X | BO83: A | BP83: Formato 8 - Aceptación y cumplimiento de la formación académica y la experiencia del personal clave evaluable | BQ83: X | BU83: A | BV83: Formato 8 - Aceptación y cumplimiento de la formación académica y la experiencia del personal clave evaluable | BW83: X
A84: 8.1 | B84: GARANTIA DE SERIEDAD DE LA OFERTA | G84: 8.1 | H84: GARANTIA DE SERIEDAD DE LA OFERTA | M84: 8.1 | N84: GARANTIA DE SERIEDAD DE LA OFERTA | S84: 8.1 | T84: GARANTIA DE SERIEDAD DE LA OFERTA | Y84: 8.1 | Z84: GARANTIA DE SERIEDAD DE LA OFERTA | AE84: 8.1 | AF84: GARANTIA DE SERIEDAD DE LA OFERTA | AK84: 8.1 | AL84: GARANTIA DE SERIEDAD DE LA OFERTA | AQ84: 8.1 | AR84: GARANTIA DE SERIEDAD DE LA OFERTA | AW84: 8.1 | AX84: GARANTIA DE SERIEDAD DE LA OFERTA | BC84: 8.1 | BD84: GARANTIA DE SERIEDAD DE LA OFERTA | BI84: 8.1 | BJ84: GARANTIA DE SERIEDAD DE LA OFERTA | BO84: 8.1 | BP84: GARANTIA DE SERIEDAD DE LA OFERTA | BU84: 8.1 | BV84: GARANTIA DE SERIEDAD DE LA OFERTA
B85: Garantía de seriedad de la Oferta | C85: X | H85: Garantía de seriedad de la Oferta | I85: X | N85: Garantía de seriedad de la Oferta | O85: X | T85: Garantía de seriedad de la Oferta | U85: X | Z85: Garantía de seriedad de la Oferta | AA85: X | AF85: Garantía de seriedad de la Oferta | AG85: X | AL85: Garantía de seriedad de la Oferta | AM85: X | AR85: Garantía de seriedad de la Oferta | AS85: X | AX85: Garantía de seriedad de la Oferta | AY85: X | BD85: Garantía de seriedad de la Oferta | BE85: X | BJ85: Garantía de seriedad de la Oferta | BK85: X | BP85: Garantía de seriedad de la Oferta | BQ85: X | BV85: Garantía de seriedad de la Oferta | BW85: X
B86: Valor Asegurado | C86: X | H86: Valor Asegurado | I86: X | N86: Valor Asegurado | O86: X | T86: Valor Asegurado | U86: X | Z86: Valor Asegurado | AA86: X | AF86: Valor Asegurado | AG86: X | AL86: Valor Asegurado | AM86: X | AR86: Valor Asegurado | AS86: X | AX86: Valor Asegurado | AY86: X | BD86: Valor Asegurado | BE86: X | BJ86: Valor Asegurado | BK86: X | BP86: Valor Asegurado | BQ86: X | BV86: Valor Asegurado | BW86: X
B87: Vigencia de la Garantía de Seriedad de la Oferta por el término de 3 meses. | C87: X | H87: Vigencia de la Garantía de Seriedad de la Oferta por el término de 3 meses. | I87: X | N87: Vigencia de la Garantía de Seriedad de la Oferta por el término de 3 meses. | O87: X | T87: Vigencia de la Garantía de Seriedad de la Oferta por el término de 3 meses. | U87: X | Z87: Vigencia de la Garantía de Seriedad de la Oferta por el término de 3 meses. | AA87: X | AF87: Vigencia de la Garantía de Seriedad de la Oferta por el término de 3 meses. | AG87: X | AL87: Vigencia de la Garantía de Seriedad de la Oferta por el término de 3 meses. | AM87: X | AR87: Vigencia de la Garantía de Seriedad de la Oferta por el término de 3 meses. | AS87: X | AX87: Vigencia de la Garantía de Seriedad de la Oferta por el término de 3 meses. | AY87: X | BD87: Vigencia de la Garantía de Seriedad de la Oferta por el término de 3 meses. | BE87: X | BJ87: Vigencia de la Garantía de Seriedad de la Oferta por el término de 3 meses. | BK87: X | BP87: Vigencia de la Garantía de Seriedad de la Oferta por el término de 3 meses. | BQ87: X | BV87: Vigencia de la Garantía de Seriedad de la Oferta por el término de 3 meses. | BW87: X
A89: De conformidad con el Capitulo III REQUISITOS HABILITANTES Y SU VERIFICACIÓN , del pliego de condiciones definitivo, el Municipio de Copacabana procedió a verificar los requisitos para habilitar y concluye que | G89: De conformidad con el Capitulo III REQUISITOS HABILITANTES Y SU VERIFICACIÓN , del pliego de condiciones definitivo, el Municipio de Copacabana procedió a verificar los requisitos para habilitar y concluye que | M89: De conformidad con el Capitulo III REQUISITOS HABILITANTES Y SU VERIFICACIÓN , del pliego de condiciones definitivo, el Municipio de Copacabana procedió a verificar los requisitos para habilitar y concluye que | S89: De conformidad con el Capitulo III REQUISITOS HABILITANTES Y SU VERIFICACIÓN , del pliego de condiciones definitivo, el Municipio de Copacabana procedió a verificar los requisitos para habilitar y concluye que | Y89: De conformidad con el Capitulo III REQUISITOS HABILITANTES Y SU VERIFICACIÓN , del pliego de condiciones definitivo, el Municipio de Copacabana procedió a verificar los requisitos para habilitar y concluye que | AE89: De conformidad con el Capitulo III REQUISITOS HABILITANTES Y SU VERIFICACIÓN , del pliego de condiciones definitivo, el Municipio de Copacabana procedió a verificar los requisitos para habilitar y concluye que | AK89: De conformidad con el Capitulo III REQUISITOS HABILITANTES Y SU VERIFICACIÓN , del pliego de condiciones definitivo, el Municipio de Copacabana procedió a verificar los requisitos para habilitar y concluye que | AQ89: De conformidad con el Capitulo III REQUISITOS HABILITANTES Y SU VERIFICACIÓN , del pliego de condiciones definitivo, el Municipio de Copacabana procedió a verificar los requisitos para habilitar y concluye que | AW89: De conformidad con el Capitulo III REQUISITOS HABILITANTES Y SU VERIFICACIÓN , del pliego de condiciones definitivo, el Municipio de Copacabana procedió a verificar los requisitos para habilitar y concluye que | BC89: De conformidad con el Capitulo III REQUISITOS HABILITANTES Y SU VERIFICACIÓN , del pliego de condiciones definitivo, el Municipio de Copacabana procedió a verificar los requisitos para habilitar y concluye que | BI89: De conformidad con el Capitulo III REQUISITOS HABILITANTES Y SU VERIFICACIÓN , del pliego de condiciones definitivo, el Municipio de Copacabana procedió a verificar los requisitos para habilitar y concluye que | BO89: De conformidad con el Capitulo III REQUISITOS HABILITANTES Y SU VERIFICACIÓN , del pliego de condiciones definitivo, el Municipio de Copacabana procedió a verificar los requisitos para habilitar y concluye que | BU89: De conformidad con el Capitulo III REQUISITOS HABILITANTES Y SU VERIFICACIÓN , del pliego de condiciones definitivo, el Municipio de Copacabana procedió a verificar los requisitos para habilitar y concluye que
B90: =+C4 -> CONSULTORES INGENIEROS Y PROFESIONALES ASOCIADOS SAS | C90: Cumple | H90: =+I4 -> PENDULO INGENIRIA SAS | J90: Rechazado | K90: No subsano documentación requerida | N90: =+O4 -> SOLUCIONES INTEGRALES DE INGENEIRIA - SODINSA S.A | P90: Rechazado | Q90: No subsanó la totalidad de docuemtnos requeridos, no subsano RUT | T90: =+U4 -> INGESTRUCTURAS INGENIEROS SAS | V90: Rechazado | W90: No subsanó docuemtnos requeridos | Z90: =+AA4 -> CONSORCIO INTER EDUCATIVO CBN | AB90: Rechazado | AC90: No subsanó docuemtnos requeridos | AF90: =+AG4 -> CUBIKO OBRAS Y CONSULTORIAS SAS | AH90: Cumple | AL90: =+AM4 -> 2L PROYECTOS SAS | AM90: Cumple | AR90: =+AS4 -> SOCIEDAD TECNICA SOTA LTDA | AT90: Cumple | AX90: =+AY4 -> MARIO DE JESUS GIL CARDONA | AZ90: Cumple | BD90: =+BE4 -> INGENIOS, CONSULTORES Y CONSTRUCTORES SAS | BF90: Rechazado | BG90: no Subsano los docuemtnos requeridos | BJ90: =+BK4 -> LOS CASTORESCONSTRUCTORES SAS | BL90: Cumple | BP90: =+BQ4 -> SCS INGENIERIA SAS | BR90: Cumple | BV90: =+BW4 -> CONSORCIO IEC | BX90: Cumple
A92: CRITERIOS DE EVALUACION, ASIGNACION DE PUNTAJE Y CRITERIOS DE DESEMPATE | G92: CRITERIOS DE EVALUACION, ASIGNACION DE PUNTAJE Y CRITERIOS DE DESEMPATE | M92: CRITERIOS DE EVALUACION, ASIGNACION DE PUNTAJE Y CRITERIOS DE DESEMPATE | S92: CRITERIOS DE EVALUACION, ASIGNACION DE PUNTAJE Y CRITERIOS DE DESEMPATE | Y92: CRITERIOS DE EVALUACION, ASIGNACION DE PUNTAJE Y CRITERIOS DE DESEMPATE | AE92: CRITERIOS DE EVALUACION, ASIGNACION DE PUNTAJE Y CRITERIOS DE DESEMPATE | AK92: CRITERIOS DE EVALUACION, ASIGNACION DE PUNTAJE Y CRITERIOS DE DESEMPATE | AQ92: CRITERIOS DE EVALUACION, ASIGNACION DE PUNTAJE Y CRITERIOS DE DESEMPATE | AW92: CRITERIOS DE EVALUACION, ASIGNACION DE PUNTAJE Y CRITERIOS DE DESEMPATE | BC92: CRITERIOS DE EVALUACION, ASIGNACION DE PUNTAJE Y CRITERIOS DE DESEMPATE | BI92: CRITERIOS DE EVALUACION, ASIGNACION DE PUNTAJE Y CRITERIOS DE DESEMPATE | BO92: CRITERIOS DE EVALUACION, ASIGNACION DE PUNTAJE Y CRITERIOS DE DESEMPATE | BU92: CRITERIOS DE EVALUACION, ASIGNACION DE PUNTAJE Y CRITERIOS DE DESEMPATE
A93: La Entidad calificará las ofertas que hayan cumplido con los requisitos habilitantes con los siguientes puntajes: | G93: La Entidad calificará las ofertas que hayan cumplido con los requisitos habilitantes con los siguientes puntajes: | M93: La Entidad calificará las ofertas que hayan cumplido con los requisitos habilitantes con los siguientes puntajes: | S93: La Entidad calificará las ofertas que hayan cumplido con los requisitos habilitantes con los siguientes puntajes: | Y93: La Entidad calificará las ofertas que hayan cumplido con los requisitos habilitantes con los siguientes puntajes: | AE93: La Entidad calificará las ofertas que hayan cumplido con los requisitos habilitantes con los siguientes puntajes: | AK93: La Entidad calificará las ofertas que hayan cumplido con los requisitos habilitantes con los siguientes puntajes: | AQ93: La Entidad calificará las ofertas que hayan cumplido con los requisitos habilitantes con los siguientes puntajes: | AW93: La Entidad calificará las ofertas que hayan cumplido con los requisitos habilitantes con los siguientes puntajes: | BC93: La Entidad calificará las ofertas que hayan cumplido con los requisitos habilitantes con los siguientes puntajes: | BI93: La Entidad calificará las ofertas que hayan cumplido con los requisitos habilitantes con los siguientes puntajes: | BO93: La Entidad calificará las ofertas que hayan cumplido con los requisitos habilitantes con los siguientes puntajes: | BU93: La Entidad calificará las ofertas que hayan cumplido con los requisitos habilitantes con los siguientes puntajes:
A95: Concepto | C95: Puntaje máximo | G95: Concepto | I95: Puntaje máximo | M95: Concepto | O95: Puntaje máximo | S95: Concepto | U95: Puntaje máximo | Y95: Concepto | AA95: Puntaje máximo | AE95: Concepto | AG95: Puntaje máximo | AK95: Concepto | AM95: Puntaje máximo | AQ95: Concepto | AS95: Puntaje máximo | AW95: Concepto | AY95: Puntaje máximo | BC95: Concepto | BE95: Puntaje máximo | BI95: Concepto | BK95: Puntaje máximo | BO95: Concepto | BQ95: Puntaje máximo | BU95: Concepto | BW95: Puntaje máximo
A96: Experiencia del Proponente | C96: 67.5 | G96: Experiencia del Proponente | I96: 67.5 | M96: Experiencia del Proponente | O96: 67.5 | S96: Experiencia del Proponente | U96: 67.5 | Y96: Experiencia del Proponente | AA96: 67.5 | AE96: Experiencia del Proponente | AG96: 67.5 | AK96: Experiencia del Proponente | AM96: 67.5 | AQ96: Experiencia del Proponente | AS96: 67.5 | AW96: Experiencia del Proponente | AY96: 67.5 | BC96: Experiencia del Proponente | BE96: 67.5 | BI96: Experiencia del Proponente | BK96: 67.5 | BO96: Experiencia del Proponente | BQ96: 67.5 | BU96: Experiencia del Proponente | BW96: 67.5
A97: Equipo de Trabajo | C97: 10 | G97: Equipo de Trabajo | I97: 10 | M97: Equipo de Trabajo | O97: 10 | S97: Equipo de Trabajo | U97: 10 | Y97: Equipo de Trabajo | AA97: 10 | AE97: Equipo de Trabajo | AG97: 10 | AK97: Equipo de Trabajo | AM97: 10 | AQ97: Equipo de Trabajo | AS97: 10 | AW97: Equipo de Trabajo | AY97: 10 | BC97: Equipo de Trabajo | BE97: 10 | BI97: Equipo de Trabajo | BK97: 10 | BO97: Equipo de Trabajo | BQ97: 10 | BU97: Equipo de Trabajo | BW97: 10
A98: Factor de sostenibilidad | C98: 1 | G98: Factor de sostenibilidad | I98: 1 | M98: Factor de sostenibilidad | O98: 1 | S98: Factor de sostenibilidad | U98: 1 | Y98: Factor de sostenibilidad | AA98: 1 | AE98: Factor de sostenibilidad | AG98: 1 | AK98: Factor de sostenibilidad | AM98: 1 | AQ98: Factor de sostenibilidad | AS98: 1 | AW98: Factor de sostenibilidad | AY98: 1 | BC98: Factor de sostenibilidad | BE98: 1 | BI98: Factor de sostenibilidad | BK98: 1 | BO98: Factor de sostenibilidad | BQ98: 1 | BU98: Factor de sostenibilidad | BW98: 1
A99: Apoyo Industria Nacional | C99: 20 | G99: Apoyo Industria Nacional | I99: 20 | M99: Apoyo Industria Nacional | O99: 20 | S99: Apoyo Industria Nacional | U99: 20 | Y99: Apoyo Industria Nacional | AA99: 20 | AE99: Apoyo Industria Nacional | AG99: 20 | AK99: Apoyo Industria Nacional | AM99: 20 | AQ99: Apoyo Industria Nacional | AS99: 20 | AW99: Apoyo Industria Nacional | AY99: 20 | BC99: Apoyo Industria Nacional | BE99: 20 | BI99: Apoyo Industria Nacional | BK99: 20 | BO99: Apoyo Industria Nacional | BQ99: 20 | BU99: Apoyo Industria Nacional | BW99: 20
A100: Vinculación de personas con discapacidad | C100: 1 | G100: Vinculación de personas con discapacidad | I100: 1 | M100: Vinculación de personas con discapacidad | O100: 1 | S100: Vinculación de personas con discapacidad | U100: 1 | Y100: Vinculación de personas con discapacidad | AA100: 1 | AE100: Vinculación de personas con discapacidad | AG100: 1 | AK100: Vinculación de personas con discapacidad | AM100: 1 | AQ100: Vinculación de personas con discapacidad | AS100: 1 | AW100: Vinculación de personas con discapacidad | AY100: 1 | BC100: Vinculación de personas con discapacidad | BE100: 1 | BI100: Vinculación de personas con discapacidad | BK100: 1 | BO100: Vinculación de personas con discapacidad | BQ100: 1 | BU100: Vinculación de personas con discapacidad | BW100: 1
A101: Emprendimientos y empresas de mujeres | C101: 0.25 | G101: Emprendimientos y empresas de mujeres | I101: 0.25 | M101: Emprendimientos y empresas de mujeres | O101: 0.25 | S101: Emprendimientos y empresas de mujeres | U101: 0.25 | Y101: Emprendimientos y empresas de mujeres | AA101: 0.25 | AE101: Emprendimientos y empresas de mujeres | AG101: 0.25 | AK101: Emprendimientos y empresas de mujeres | AM101: 0.25 | AQ101: Emprendimientos y empresas de mujeres | AS101: 0.25 | AW101: Emprendimientos y empresas de mujeres | AY101: 0.25 | BC101: Emprendimientos y empresas de mujeres | BE101: 0.25 | BI101: Emprendimientos y empresas de mujeres | BK101: 0.25 | BO101: Emprendimientos y empresas de mujeres | BQ101: 0.25 | BU101: Emprendimientos y empresas de mujeres | BW101: 0.25
A102: Mipyme | C102: 0.25 | G102: Mipyme | I102: 0.25 | M102: Mipyme | O102: 0.25 | S102: Mipyme | U102: 0.25 | Y102: Mipyme | AA102: 0.25 | AE102: Mipyme | AG102: 0.25 | AK102: Mipyme | AM102: 0.25 | AQ102: Mipyme | AS102: 0.25 | AW102: Mipyme | AY102: 0.25 | BC102: Mipyme | BE102: 0.25 | BI102: Mipyme | BK102: 0.25 | BO102: Mipyme | BQ102: 0.25 | BU102: Mipyme | BW102: 0.25
A103: Total | C103: =SUM(C96:C102) -> 100 | G103: Total | I103: =SUM(I96:I102) -> 100 | M103: Total | O103: =SUM(O96:O102) -> 100 | S103: Total | U103: =SUM(U96:U102) -> 100 | Y103: Total | AA103: =SUM(AA96:AA102) -> 100 | AE103: Total | AG103: =SUM(AG96:AG102) -> 100 | AK103: Total | AM103: =SUM(AM96:AM102) -> 100 | AQ103: Total | AS103: =SUM(AS96:AS102) -> 100 | AW103: Total | AY103: =SUM(AY96:AY102) -> 100 | BC103: Total | BE103: =SUM(BE96:BE102) -> 100 | BI103: Total | BK103: =SUM(BK96:BK102) -> 100 | BO103: Total | BQ103: =SUM(BQ96:BQ102) -> 100 | BU103: Total | BW103: =SUM(BW96:BW102) -> 100
...

Sheet Puntaje por experiencia
G1: Media Geometrica
A2: Numero de Proponente | B2: Proponente | C2: Contratos Aportados Validos para Asignación de Puntaje | D2: Valores en SMMLV | E2: Valido / No Valido | F2: Promedio de los contratos válidos aportados en SMMLV | G2: =+GEOMEAN(F3,F16,F17,F19,F21,F24,F28,F29) -> 229.31743
A3: 1 | B3: =+Evaluación!C4 -> CONSULTORES INGENIEROS Y PROFESIONALES ASOCIADOS SAS | C3: 1 | D3: 196.42 | E3: Valido | F3: =+AVERAGE(D3:D5) -> 384.70133 | G3: =+(1-((ABS($G$2-F3))/$G$2))*67.5 -> 21.762468
C4: 2 | D4: 74.68 | E4: Valido
C5: 3 | D5: 883.004 | E5: Valido
A6: 2 | B6: PENDULO INGENIRIA SAS | C6: 1 | D6: 213.23 | E6: No Valido | F6: 0 | G6: =+(1-((ABS($G$2-F6))/$G$2))*67.5 -> 0
C7: 2 | D7: 202.1 | E7: No Valido
C8: 3 | D8: 179.84 | E8: No Valido
A9: 3 | B9: =+Evaluación!O4 -> SOLUCIONES INTEGRALES DE INGENEIRIA - SODINSA S.A | C9: 1 | D9: 66.04 | E9: No Valido | F9: 0 | G9: =+(1-((ABS($G$2-F9))/$G$2))*67.5 -> 0
C10: 2 | D10: 76.7 | E10: No Valido
C11: 3 | D11: 178.1 | E11: No Valido
A12: 4 | B12: =+Evaluación!U4 -> INGESTRUCTURAS INGENIEROS SAS | C12: 1 | D12: 89.05 | E12: No Valido | F12: 0 | G12: =+(1-((ABS($G$2-F12))/$G$2))*67.5 -> 0
A13: 5 | B13: =+Evaluación!Z90 -> CONSORCIO INTER EDUCATIVO CBN | C13: 1 | D13: 171.71 | E13: No Valido | F13: 0 | G13: =+(1-((ABS($G$2-F13))/$G$2))*67.5 -> 0
C14: 2 | D14: 166.59 | E14: No Valido
C15: 3 | D15: 27.58 | E15: No Valido
A16: 6 | B16: =+Evaluación!AG4 -> CUBIKO OBRAS Y CONSULTORIAS SAS | C16: 1 | D16: =643.1*50% -> 321.55 | E16: Valido | F16: =+D16 -> 321.55 | G16: =+(1-((ABS($G$2-F16))/$G$2))*67.5 -> 40.351177
A17: 7 | B17: =+Evaluación!AL90 -> 2L PROYECTOS SAS | C17: 1 | D17: =258.91*50% -> 129.455 | E17: Valido | F17: =+AVERAGE(D17:D18) -> 157.8925 | G17: =+(1-((ABS($G$2-F17))/$G$2))*67.5 -> 46.475942
C18: 2 | D18: 186.33 | E18: Valido
A19: 8 | B19: =+Evaluación!AR90 -> SOCIEDAD TECNICA SOTA LTDA | C19: 1 | D19: 392.76 | E19: Valido | F19: =+AVERAGE(D19:D20) -> 541.38 | G19: =+(1-((ABS($G$2-F19))/$G$2))*67.5 -> -24.35618
C20: 2 | D20: 690 | E20: Valido
A21: 9 | B21: =+Evaluación!AX90 -> MARIO DE JESUS GIL CARDONA | C21: 1 | D21: =380.36*50% -> 190.18 | E21: Valido | F21: =+AVERAGE(D21:D22) -> 174.37 | G21: =+(1-((ABS($G$2-F21))/$G$2))*67.5 -> 51.326124
C22: 2 | D22: =317.12*50% -> 158.56 | E22: Valido
A23: 10 | B23: =+Evaluación!BD90 -> INGENIOS, CONSULTORES Y CONSTRUCTORES SAS | C23: 0 | D23: 0 | E23: No Valido | F23: 0 | G23: =+(1-((ABS($G$2-F23))/$G$2))*67.5 -> 0
A24: 11 | B24: =+Evaluación!BJ90 -> LOS CASTORESCONSTRUCTORES SAS | C24: 1 | D24: =324.96*40% -> 129.984 | E24: Valido | F24: =+AVERAGE(D24:D27) -> 99.591 | G24: =+(1-((ABS($G$2-F24))/$G$2))*67.5 -> 29.314791
C25: 2 | D25: 111.26 | E25: Valido
C26: 3 | D26: 73.81 | E26: Valido
C27: 4 | D27: 83.31 | E27: Valido
A28: 12 | B28: =+Evaluación!BP90 -> SCS INGENIERIA SAS | C28: 1 | D28: =249.44*50% -> 124.72 | E28: Valido | F28: =+D28 -> 124.72 | G28: =+(1-((ABS($G$2-F28))/$G$2))*67.5 -> 36.711557
A29: 13 | B29: =+Evaluación!BW4 -> CONSORCIO IEC | C29: 1 | D29: 884.92 | E29: Valido | F29: =+AVERAGE(D29:D32) -> 333.9125 | G29: =+(1-((ABS($G$2-F29))/$G$2))*67.5 -> 36.712253
C30: 2 | D30: 116.57 | E30: Valido
C31: 3 | D31: 164.12 | E31: Valido
C32: 4 | D32: 170.04 | E32: Valido

Sheet Resumen
A1: No. | B1: PORPONENTE | C1: Cumple | D1: No Cumple SUBSANAR | E1: Rechazado | F1: Puntaje
F2: =+Evaluación!A96 -> Experiencia del Proponente | G2: =+Evaluación!A97 -> Equipo de Trabajo | H2: =+Evaluación!A98 -> Factor de sostenibilidad | I2: =+Evaluación!A99 -> Apoyo Industria Nacional | J2: =+Evaluación!A100 -> Vinculación de personas con discapacidad | K2: =+Evaluación!A101 -> Emprendimientos y empresas de mujeres | L2: =+Evaluación!A102 -> Mipyme | M2: TOTAL
A3: 1 | B3: =+Evaluación!C4 -> CONSULTORES INGENIEROS Y PROFESIONALES ASOCIADOS SAS | C3: X | E3: Habilitado | F3: =+Evaluación!C106 -> 21.762468 | G3: =+Evaluación!C108+Evaluación!C109 -> 10 | H3: =+Evaluación!C111 -> 1 | I3: =+Evaluación!C113+Evaluación!C114 -> 0 | J3: =+Evaluación!C116 -> 1 | K3: =+Evaluación!C118 -> 0.25 | L3: =+Evaluación!C120 -> 0.25 | M3: =SUM(F3:L3) -> 34.262468
A4: 2 | B4: =+Evaluación!I4 -> PENDULO INGENIRIA SAS | D4: X | E4: Rechazado | F4: =+Evaluación!I106 -> 0 | G4: =+Evaluación!I108+Evaluación!I109 -> 0 | H4: =+Evaluación!I111 -> 0 | I4: =+Evaluación!I113 -> 0 | J4: =+Evaluación!I116 -> 0 | K4: =+Evaluación!I118 -> 0 | L4: =+Evaluación!I120 -> 0 | M4: =SUM(F4:L4) -> 0
A5: 3 | B5: =+Evaluación!O4 -> SOLUCIONES INTEGRALES DE INGENEIRIA - SODINSA S.A | D5: X | E5: Rechazado | F5: =+Evaluación!O106 -> 0 | G5: =+Evaluación!O108+Evaluación!O109 -> 0 | H5: =+Evaluación!O111 -> 0 | I5: =+Evaluación!O113 -> 0 | J5: =+Evaluación!O116 -> 0 | K5: =+Evaluación!O118 -> 0 | L5: =+Evaluación!O120 -> 0 | M5: =SUM(F5:L5) -> 0
A6: 4 | B6: =+Evaluación!T90 -> INGESTRUCTURAS INGENIEROS SAS | D6: X | E6: Rechazado | F6: =+Evaluación!U106 -> 0 | G6: =+Evaluación!U108+Evaluación!U109 -> 0 | H6: =+Evaluación!U111 -> 0 | I6: =+Evaluación!U113 -> 0 | J6: =+Evaluación!U116 -> 0 | K6: =+Evaluación!U118 -> 0 | L6: =+Evaluación!U120 -> 0 | M6: =SUM(F6:L6) -> 0
A7: 5 | B7: =+Evaluación!Z90 -> CONSORCIO INTER EDUCATIVO CBN | D7: X | E7: Rechazado | F7: =+Evaluación!AA106 -> 0 | G7: =+Evaluación!AA108+Evaluación!AA109 -> 0 | H7: =+Evaluación!AA111 -> 0 | I7: =+Evaluación!AA113 -> 0 | J7: =+Evaluación!AA116 -> 0 | K7: =+Evaluación!AA118 -> 0 | L7: =+Evaluación!AA120 -> 0 | M7: =SUM(F7:L7) -> 0
A8: 6 | B8: =+Evaluación!AG4 -> CUBIKO OBRAS Y CONSULTORIAS SAS | C8: X | E8: Habilitado | F8: =+Evaluación!AG106 -> 40.351177 | G8: =+Evaluación!AG108+Evaluación!AG109 -> 10 | H8: =+Evaluación!AG111 -> 1 | I8: =+Evaluación!AG113 -> 20 | J8: =+Evaluación!AG116 -> 1 | K8: =+Evaluación!AG118 -> 0.25 | L8: =+Evaluación!AG120 -> 0.25 | M8: =SUM(F8:L8) -> 72.851177
A9: 7 | B9: =+Evaluación!AL90 -> 2L PROYECTOS SAS | C9: X | E9: Habilitado | F9: =+Evaluación!AM106 -> 46.475942 | G9: =+Evaluación!AM108+Evaluación!AM109 -> 10 | H9: =+Evaluación!AM111 -> 1 | I9: =+Evaluación!AM113 -> 20 | J9: =+Evaluación!AM116 -> 1 | K9: =+Evaluación!AM118 -> 0.25 | L9: =+Evaluación!AM120 -> 0.25 | M9: =SUM(F9:L9) -> 78.975942
A10: 8 | B10: =+Evaluación!AR90 -> SOCIEDAD TECNICA SOTA LTDA | C10: X | E10: Habilitado | F10: =+Evaluación!AS106 -> 0 | G10: =+Evaluación!AS108+Evaluación!AS109 -> 10 | H10: =+Evaluación!AS111 -> 1 | I10: =+Evaluación!AS113 -> 20 | J10: =+Evaluación!AS116 -> 1 | K10: =+Evaluación!AS118 -> 0.25 | L10: =+Evaluación!AS120 -> 0.25 | M10: =SUM(F10:L10) -> 32.5
A11: 9 | B11: =+Evaluación!AX90 -> MARIO DE JESUS GIL CARDONA | C11: X | E11: Habilitado | F11: =+Evaluación!AY106 -> 51.326124 | G11: =+Evaluación!AY108+Evaluación!AY109 -> 10 | H11: =+Evaluación!AY111 -> 1 | I11: =+Evaluación!AY113 -> 20 | J11: =+Evaluación!AY116 -> 1 | K11: =+Evaluación!AY118 -> 0 | L11: =+Evaluación!AY120 -> 0.25 | M11: =SUM(F11:L11) -> 83.576124
A12: 10 | B12: =+'Puntaje por experiencia'!B23 -> INGENIOS, CONSULTORES Y CONSTRUCTORES SAS | D12: X | E12: Rechazado | F12: =+Evaluación!BE106 -> 0 | G12: =+Evaluación!BE108+Evaluación!BE109 -> 0 | H12: =+Evaluación!BE111 -> 0 | I12: =+Evaluación!BE113 -> 0 | J12: =+Evaluación!BE116 -> 0 | K12: =+Evaluación!BE118 -> 0 | L12: =+Evaluación!BE120 -> 0 | M12: =SUM(F12:L12) -> 0
A13: 11 | B13: =+Evaluación!BJ90 -> LOS CASTORESCONSTRUCTORES SAS | C13: X | E13: Habilitado | F13: =+Evaluación!BK106 -> 29.314791 | G13: =+Evaluación!BK108+Evaluación!BK109 -> 10 | H13: =+Evaluación!BK111 -> 1 | I13: =+Evaluación!BK113 -> 20 | J13: =+Evaluación!BK116 -> 1 | K13: =+Evaluación!BK118 -> 0.25 | L13: =+Evaluación!BK120 -> 0.25 | M13: =SUM(F13:L13) -> 61.814791
A14: 12 | B14: =+Evaluación!BP90 -> SCS INGENIERIA SAS | C14: X | E14: Habilitado | F14: =+Evaluación!BQ106 -> 36.711557 | G14: =+Evaluación!BQ108+Evaluación!BQ109 -> 10 | H14: =+Evaluación!BQ111 -> 1 | I14: =+Evaluación!BQ113 -> 20 | J14: =+Evaluación!BQ116 -> 1 | K14: =+Evaluación!BQ118 -> 0.25 | L14: =+Evaluación!BQ120 -> 0.25 | M14: =SUM(F14:L14) -> 69.211557
A15: 13 | B15: =+Evaluación!BV90 -> CONSORCIO IEC | C15: X | E15: Habilitado | F15: =+Evaluación!BW106 -> 36.712253 | G15: =+Evaluación!BW108+Evaluación!BW109 -> 10 | H15: =+Evaluación!BW111 -> 1 | I15: =+Evaluación!BW113 -> 20 | J15: =+Evaluación!BW116 -> 1 | K15: =+Evaluación!BW118 -> 0.25 | L15: =+Evaluación!BW120 -> 0.25 | M15: =SUM(F15:L15) -> 69.212253
